Workbook

Sheet Balancete
A1: CBDN - CONFEDERAÇÃO BRASILEIRA DE DESPORTOS NA NEVE
C2: Acumulado | D2: 46022 | E2: 45991 | F2: 45961 | G2: 45930 | H2: 45900 | I2: 45869 | J2: 45838 | K2: 45808 | L2: 45777 | M2: 45747 | N2: 45716 | O2: 45688
B3: A T I V O
B4: CIRCULANTE | C4: =C2 -> Acumulado | D4: 46022 | E4: 45991 | F4: 45961 | G4: 45930 | H4: 45900 | I4: 45869 | J4: 45838 | K4: 45808 | L4: 45777 | M4: 45747 | N4: 45716 | O4: 45688
A5: 2 | B5: Caixa em US$ | D5: 0 | E5: 0 | F5: 0 | G5: 0 | H5: 0 | I5: 0 | J5: 0 | K5: 0 | L5: 0 | M5: 7256.46 | N5: 7391.19 | O5: 7367.56
A6: 243 | B6: Caixa em Euros | D6: 0 | E6: 0 | F6: 0 | G6: 0 | H6: 0 | I6: 0 | J6: 0 | K6: 0 | L6: 0 | M6: 167.66 | N6: 164.5 | O6: 163.93
A7: 345 | B7: Banco Transitoria | D7: 0 | E7: 0 | F7: 0 | G7: 0 | H7: 0 | I7: 0 | J7: 0 | K7: 0 | L7: 0 | M7: 0 | N7: 0 | O7: 2426687.6
A8: 666 | B8: Banco do Brasil conta 880001173 USD | D8: 0 | E8: 0 | F8: 0 | G8: 0 | H8: 0 | I8: 0 | J8: 0 | K8: 0 | L8: 0 | M8: 1974606.4 | N8: 2085751.4 | O8: 0
A9: 256 | B9: Banco Brasil-C/C 12.733-7 | D9: 0 | E9: 0 | F9: 0 | G9: 0 | H9: 0 | I9: 0 | J9: 0 | K9: 0 | L9: 0 | M9: 123.9 | N9: 203.5 | O9: 79
A10: 324 | B10: Banco do Brasil C/C 14936-5 | D10: 0 | E10: 0 | F10: 0 | G10: 0 | H10: 0 | I10: 0 | J10: 0 | K10: 0 | L10: 0 | M10: 0 | N10: 73.48 | O10: 148.98
A11: 360 | B11: C.E.F. Ag.3097 C/ 863-1 | D11: 0 | E11: 0 | F11: 0 | G11: 0 | H11: 0 | I11: 0 | J11: 0 | K11: 0 | L11: 0 | M11: 0 | N11: 50 | O11: 0
A12: 414 | B12: Caixa Economica Federal ag 3097 C/1255-8 | D12: 0 | E12: 0 | F12: 0 | G12: 0 | H12: 0 | I12: 0 | J12: 0 | K12: 0 | L12: 0 | M12: 0 | N12: 0 | O12: 0
A13: 478 | B13: Caixa Economica Federal ag 3097 C/1360-0 | D13: 0 | E13: 0 | F13: 0 | G13: 0 | H13: 0 | I13: 0 | J13: 0 | K13: 0 | L13: 0 | M13: 0 | N13: 0 | O13: 0
A14: 493 | B14: Caixa Economica Federal ag 3097 C/1395-3 | D14: 0 | E14: 0 | F14: 0 | G14: 0 | H14: 0 | I14: 0 | J14: 0 | K14: 0 | L14: 0 | M14: 0 | N14: 0 | O14: 0
A15: 500 | B15: Caixa Economica Federal ag 3097 C/1414-3 | D15: 0 | E15: 0 | F15: 0 | G15: 0 | H15: 0 | I15: 0 | J15: 0 | K15: 0 | L15: 0 | M15: 0 | N15: 0 | O15: 0
A16: 518 | B16: Caixa Economica Federal ag 3097 C/1416-0 | D16: 0 | E16: 0 | F16: 0 | G16: 0 | H16: 0 | I16: 0 | J16: 0 | K16: 0 | L16: 0 | M16: 0 | N16: 0 | O16: 0
... A39: 656 | B39: Banco do Brasil C/C 19568-5 | D39: 0 | E39: 0 | F39: 0 | G39: 0 | H39: 0 | I39: 0 | J39: 0 | K39: 0 | L39: 0 | M39: 0 | N39: 0 | O39: 0
A40: 685 | B40: Caixa Economica Federal Ag 3097 C 1742-8 | D40: 0 | E40: 0 | F40: 0 | G40: 0 | H40: 0 | I40: 0 | J40: 0 | K40: 0 | L40: 0 | M40: 0 | N40: 50.25 | O40: 119.25
A41: 686 | B41: Caixa Economica Federal Ag 3097 C 1743-6 | D41: 0 | E41: 0 | F41: 0 | G41: 0 | H41: 0 | I41: 0 | J41: 0 | K41: 0 | L41: 0 | M41: 177.1 | N41: 246.1 | O41: 115.1
A42: 746 | B42: Caixa Economica Federal Ag 3097 C 1891-2 | D42: 0 | E42: 0 | F42: 0 | G42: 0 | H42: 0 | I42: 0 | J42: 0 | K42: 0 | L42: 0 | M42: 3245.73 | N42: 7086.82 | O42: 30123.3
A43: 749 | B43: Caixa Economica Federal Ag 3097 C 1896-3 | D43: 0 | E43: 0 | F43: 0 | G43: 0 | H43: 0 | I43: 0 | J43: 0 | K43: 0 | L43: 0 | M43: 0 | N43: 0 | O43: 0
A44: 750 | B44: Caixa Economica Federal Ag 3097 C 1897-1 | D44: 0 | E44: 0 | F44: 0 | G44: 0 | H44: 0 | I44: 0 | J44: 0 | K44: 0 | L44: 0 | M44: 1449.91 | N44: 12154.9 | O44: 21744.44
A45: 751 | B45: Caixa Economica Federal Ag 3097 C 1898-0 | D45: 0 | E45: 0 | F45: 0 | G45: 0 | H45: 0 | I45: 0 | J45: 0 | K45: 0 | L45: 0 | M45: 8.15 | N45: 81.15 | O45: 96.65
A46: 412 | B46: CEF Ag 3097 P1388000739160122-6 (7002-4) | D46: 0 | E46: 0 | F46: 0 | G46: 0 | H46: 0 | I46: 0 | J46: 0 | K46: 0 | L46: 0 | M46: 0 | N46: 0 | O46: 0
A47: 477 | B47: CEF Ag 3097 P1388000739112248-4 (8024-0) | D47: 0 | E47: 0 | F47: 0 | G47: 0 | H47: 0 | I47: 0 | J47: 0 | K47: 0 | L47: 0 | M47: 65949.92 | N47: 85447.78 | O47: 69996
A48: 534 | B48: CEF Ag 3097 P1388000739031552-1 (8544-7) | D48: 0 | E48: 0 | F48: 0 | G48: 0 | H48: 0 | I48: 0 | J48: 0 | K48: 0 | L48: 0 | M48: 0 | N48: 0 | O48: 0
A49: 583 | B49: CEF Ag 3097 P1388000739112249-2 (8826-8) | D49: 0 | E49: 0 | F49: 0 | G49: 0 | H49: 0 | I49: 0 | J49: 0 | K49: 0 | L49: 0 | M49: 0 | N49: 0 | O49: 0
A50: 581 | B50: CEF Ag 3097 P1388000739112251-4 (8827-6) | D50: 0 | E50: 0 | F50: 0 | G50: 0 | H50: 0 | I50: 0 | J50: 0 | K50: 0 | L50: 0 | M50: 0 | N50: 0 | O50: 0
A51: 616 | B51: CEF Ag 3097 P1388000739112252-2 (9425-0) | D51: 0 | E51: 0 | F51: 0 | G51: 0 | H51: 0 | I51: 0 | J51: 0 | K51: 0 | L51: 0 | M51: 352950.86 | N51: 453298.27 | O51: 199996
A52: 687 | B52: CEF Ag 3097 P1388000738958801-3 (9790-9) | D52: 0 | E52: 0 | F52: 0 | G52: 0 | H52: 0 | I52: 0 | J52: 0 | K52: 0 | L52: 0 | M52: 0 | N52: 0 | O52: 0
A53: 681 | B53: CEF Ag 3097 P1388000738943176-9 (9791-7) | D53: 0 | E53: 0 | F53: 0 | G53: 0 | H53: 0 | I53: 0 | J53: 0 | K53: 0 | L53: 0 | M53: 0 | N53: 0 | O53: 0
A54: 742 | B54: CEF Ag 3097 P 1388 000763277356-9 | D54: 0 | E54: 0 | F54: 0 | G54: 0 | H54: 0 | I54: 0 | J54: 0 | K54: 0 | L54: 0 | M54: 52.71 | N54: 52.41 | O54: 52.06
A55: 743 | B55: CEF Ag 3097 P 1388 000763277179-5 | D55: 0 | E55: 0 | F55: 0 | G55: 0 | H55: 0 | I55: 0 | J55: 0 | K55: 0 | L55: 0 | M55: 226699.03 | N55: 270323.74 | O55: 568561.34
A56: 744 | B56: CEF Ag 3097 P 1388 000763277271-6 | D56: 0 | E56: 0 | F56: 0 | G56: 0 | H56: 0 | I56: 0 | J56: 0 | K56: 0 | L56: 0 | M56: 58.72 | N56: 58.38 | O56: 5062
A57: 745 | B57: CEF Ag 3097 P 1388 000763277513-8 | D57: 0 | E57: 0 | F57: 0 | G57: 0 | H57: 0 | I57: 0 | J57: 0 | K57: 0 | L57: 0 | M57: 52.71 | N57: 52.41 | O57: 52.06
A58: 697 | B58: Aplicação Rende Fácil Conta 8004-7 BB | D58: 0 | E58: 0 | F58: 0 | G58: 0 | H58: 0 | I58: 0 | J58: 0 | K58: 0 | L58: 0 | M58: 177060.26 | N58: 209111.73 | O58: 37049.01
A59: 717 | B59: Aplicação Fundo SLI Conta 21027-7 BB | D59: 0 | E59: 0 | F59: 0 | G59: 0 | H59: 0 | I59: 0 | J59: 0 | K59: 0 | L59: 0 | M59: 8856.88 | N59: 8793.12 | O59: 8728.56
A60: 741 | B60: Aplicação Fundo SLI Conta 21026-9 BB | D60: 0 | E60: 0 | F60: 0 | G60: 0 | H60: 0 | I60: 0 | J60: 0 | K60: 0 | L60: 0 | M60: 0 | N60: 0 | O60: 0
A61: 674 | B61: Aplicação FIX Conta 19566-9 BB | D61: 0 | E61: 0 | F61: 0 | G61: 0 | H61: 0 | I61: 0 | J61: 0 | K61: 0 | L61: 0 | M61: 7067.66 | N61: 7010.88 | O61: 6953.32
A62: 675 | B62: Aplicação FIX Conta 19567-7 BB | D62: 0 | E62: 0 | F62: 0 | G62: 0 | H62: 0 | I62: 0 | J62: 0 | K62: 0 | L62: 0 | M62: 39.34 | N62: 39.02 | O62: 38.7
A63: 676 | B63: Aplicação FIX Conta 19568-5 BB | D63: 0 | E63: 0 | F63: 0 | G63: 0 | H63: 0 | I63: 0 | J63: 0 | K63: 0 | L63: 0 | M63: 826.09 | N63: 819.46 | O63: 812.73
A64: 664 | B64: Aplicação FIX Conta 1360-0 CEF | D64: 0 | E64: 0 | F64: 0 | G64: 0 | H64: 0 | I64: 0 | J64: 0 | K64: 0 | L64: 0 | M64: 0 | N64: 0 | O64: 0
A65: 560 | B65: Aplicação FIX Conta 1395-3 CEF | D65: 0 | E65: 0 | F65: 0 | G65: 0 | H65: 0 | I65: 0 | J65: 0 | K65: 0 | L65: 0 | M65: 0 | N65: 0 | O65: 0
A66: 559 | B66: Aplicação FIX conta 1414-3 CEF | D66: 0 | E66: 0 | F66: 0 | G66: 0 | H66: 0 | I66: 0 | J66: 0 | K66: 0 | L66: 0 | M66: 0 | N66: 0 | O66: 0
A67: 586 | B67: Aplicação FIX conta 1415-1 CEF | D67: 0 | E67: 0 | F67: 0 | G67: 0 | H67: 0 | I67: 0 | J67: 0 | K67: 0 | L67: 0 | M67: 0 | N67: 0 | O67: 0
A68: 557 | B68: Aplicação FIX conta 1416-0 CEF | D68: 0 | E68: 0 | F68: 0 | G68: 0 | H68: 0 | I68: 0 | J68: 0 | K68: 0 | L68: 0 | M68: 0 | N68: 0 | O68: 0
A69: 584 | B69: Aplicação FIX conta 1420-8 CEF | D69: 0 | E69: 0 | F69: 0 | G69: 0 | H69: 0 | I69: 0 | J69: 0 | K69: 0 | L69: 0 | M69: 0 | N69: 0 | O69: 0
... A82: 678 | B82: Aplicação Renda Fixa Conta 1692-8 CEF | D82: 0 | E82: 0 | F82: 0 | G82: 0 | H82: 0 | I82: 0 | J82: 0 | K82: 0 | L82: 0 | M82: 0 | N82: 0 | O82: 0
A83: 692 | B83: Aplicação Renda Fixa Conta 1360-0 CEF | D83: 0 | E83: 0 | F83: 0 | G83: 0 | H83: 0 | I83: 0 | J83: 0 | K83: 0 | L83: 0 | M83: 0 | N83: 0 | O83: 0
A84: 693 | B84: Aplicação Renda Fixa Conta 1395-3 CEF | D84: 0 | E84: 0 | F84: 0 | G84: 0 | H84: 0 | I84: 0 | J84: 0 | K84: 0 | L84: 0 | M84: 44798.61 | N84: 57636.7 | O84: 60622.36
A85: 694 | B85: Aplicação Renda Fixa Conta 1439-9 CEF | D85: 0 | E85: 0 | F85: 0 | G85: 0 | H85: 0 | I85: 0 | J85: 0 | K85: 0 | L85: 0 | M85: 1430.55 | N85: 1419 | O85: 1407.31
A86: 695 | B86: Aplicação Renda Fixa Conta 1440-2 CEF | D86: 0 | E86: 0 | F86: 0 | G86: 0 | H86: 0 | I86: 0 | J86: 0 | K86: 0 | L86: 0 | M86: 0 | N86: 38672.54 | O86: 43720.87
A87: 696 | B87: Aplicação Renda Fixa Conta 1515-8 CEF | D87: 0 | E87: 0 | F87: 0 | G87: 0 | H87: 0 | I87: 0 | J87: 0 | K87: 0 | L87: 0 | M87: 0 | N87: 0 | O87: 0
A88: 700 | B88: Aplicação Renda Fixa Conta 1607-3 CEF | D88: 0 | E88: 0 | F88: 0 | G88: 0 | H88: 0 | I88: 0 | J88: 0 | K88: 0 | L88: 0 | M88: 0 | N88: 0 | O88: 0
A89: 708 | B89: Aplicação Renda Fixa Conta 1443-7 CEF | D89: 0 | E89: 0 | F89: 0 | G89: 0 | H89: 0 | I89: 0 | J89: 0 | K89: 0 | L89: 0 | M89: 73916.84 | N89: 73625.96 | O89: 0
A90: 709 | B90: Aplicação Renda Fixa Conta 1511-5 CEF | D90: 0 | E90: 0 | F90: 0 | G90: 0 | H90: 0 | I90: 0 | J90: 0 | K90: 0 | L90: 0 | M90: 10034.23 | N90: 9405.12 | O90: 9375.36
A91: 710 | B91: Aplicação Renda Fixa Conta 1606-5 CEF | D91: 0 | E91: 0 | F91: 0 | G91: 0 | H91: 0 | I91: 0 | J91: 0 | K91: 0 | L91: 0 | M91: 0 | N91: 0 | O91: 0
A92: 711 | B92: Aplicação Renda Fixa Conta 1415-1 CEF | D92: 0 | E92: 0 | F92: 0 | G92: 0 | H92: 0 | I92: 0 | J92: 0 | K92: 0 | L92: 0 | M92: 94182.43 | N92: 111695.13 | O92: 0
A93: 712 | B93: Aplicação Renda Fixa Conta 1414-3 CEF | D93: 0 | E93: 0 | F93: 0 | G93: 0 | H93: 0 | I93: 0 | J93: 0 | K93: 0 | L93: 0 | M93: 4336.88 | N93: 0 | O93: 0
A94: 713 | B94: Aplicação Renda Fixa Conta 1416-0 CEF | D94: 0 | E94: 0 | F94: 0 | G94: 0 | H94: 0 | I94: 0 | J94: 0 | K94: 0 | L94: 0 | M94: 4431.65 | N94: 317.6 | O94: 0
... A102: 756 | B102: Aplicação Renda Fixa Conta 1893-9 CEF | D102: 0 | E102: 0 | F102: 0 | G102: 0 | H102: 0 | I102: 0 | J102: 0 | K102: 0 | L102: 0 | M102: 0 | N102: 0 | O102: 0
A103: 762 | B103: Aplicação Renda Fixa Conta 1894-7 CEF | D103: 0 | E103: 0 | F103: 0 | G103: 0 | H103: 0 | I103: 0 | J103: 0 | K103: 0 | L103: 0 | M103: 2578.52 | N103: 0 | O103: 0
A104: 763 | B104: Aplicação Renda Fixa Conta 1896-3 CEF | D104: 0 | E104: 0 | F104: 0 | G104: 0 | H104: 0 | I104: 0 | J104: 0 | K104: 0 | L104: 0 | M104: 5261.71 | N104: 0 | O104: 0
A105: 765 | B105: Aplicação Renda Fixa Conta 1420-8 CEF | D105: 0 | E105: 0 | F105: 0 | G105: 0 | H105: 0 | I105: 0 | J105: 0 | K105: 0 | L105: 0 | M105: 19941.41 | N105: 20883.91 | O105: 18115.07
A106: 732 | B106: Aplicação CDB Flex Empresarial CC 1414-3 | D106: 0 | E106: 0 | F106: 0 | G106: 0 | H106: 0 | I106: 0 | J106: 0 | K106: 0 | L106: 0 | M106: 0 | N106: 0 | O106: 0
A107: 733 | B107: Aplicação CDB Flex Empresarial CC 1606-5 | D107: 0 | E107: 0 | F107: 0 | G107: 0 | H107: 0 | I107: 0 | J107: 0 | K107: 0 | L107: 0 | M107: 0 | N107: 0 | O107: 0
A108: 738 | B108: Aplicação CDB Flex Empresarial CC 1415-1 | D108: 0 | E108: 0 | F108: 0 | G108: 0 | H108: 0 | I108: 0 | J108: 0 | K108: 0 | L108: 0 | M108: 0 | N108: 0 | O108: 0
A109: 739 | B109: Aplicação CDB Flex Empresarial CC 1440-2 | D109: 0 | E109: 0 | F109: 0 | G109: 0 | H109: 0 | I109: 0 | J109: 0 | K109: 0 | L109: 0 | M109: 0 | N109: 0 | O109: 0
A110: 11 | B110: C/C F.I.S -CHF | D110: 0 | E110: 0 | F110: 0 | G110: 0 | H110: 0 | I110: 0 | J110: 0 | K110: 0 | L110: 0 | M110: 3645828.8 | N110: 3773163.2 | O110: 3771023.2
A111: 344 | B111: Adto. Rosangela Biasetto | D111: 0 | E111: 0 | F111: 0 | G111: 0 | H111: 0 | I111: 0 | J111: 0 | K111: 0 | L111: 0 | M111: 400 | N111: 400 | O111: 400
A112: 19 | B112: Adto. Isabel Clark | D112: 0 | E112: 0 | F112: 0 | G112: 0 | H112: 0 | I112: 0 | J112: 0 | K112: 0 | L112: 0 | M112: 0 | N112: 0 | O112: 0
A113: 34 | B113: Adiantamento Leandro Ribela | D113: 0 | E113: 0 | F113: 0 | G113: 0 | H113: 0 | I113: 0 | J113: 0 | K113: 0 | L113: 0 | M113: 0 | N113: 0 | O113: 0
A114: 310 | B114: Adto. Lucas Rezende | D114: 0 | E114: 0 | F114: 0 | G114: 0 | H114: 0 | I114: 0 | J114: 0 | K114: 0 | L114: 0 | M114: 0 | N114: 0 | O114: 0
A115: 317 | B115: Adto. Guido Visser | D115: 0 | E115: 0 | F115: 0 | G115: 0 | H115: 0 | I115: 0 | J115: 0 | K115: 0 | L115: 0 | M115: 0 | N115: 0 | O115: 0
A116: 608 | B116: Adto. Augustinho Teixeira | D116: 0 | E116: 0 | F116: 0 | G116: 0 | H116: 0 | I116: 0 | J116: 0 | K116: 0 | L116: 0 | M116: 3135.65 | N116: 0 | O116: 0
A117: 658 | B117: Adto. Manex Salsamendi Silva | D117: 0 | E117: 0 | F117: 0 | G117: 0 | H117: 0 | I117: 0 | J117: 0 | K117: 0 | L117: 0 | M117: 0 | N117: 0 | O117: 0
A118: 409 | B118: Adiantamento a Projeto (Lei Piva - COB) | D118: 0 | E118: 0 | F118: 0 | G118: 0 | H118: 0 | I118: 0 | J118: 0 | K118: 0 | L118: 0 | M118: 0 | N118: 0 | O118: 0
A119: 552 | B119: Adiantamento a Projeto (Lei Piva - CPB) | D119: 0 | E119: 0 | F119: 0 | G119: 0 | H119: 0 | I119: 0 | J119: 0 | K119: 0 | L119: 0 | M119: 0 | N119: 0 | O119: 0
A120: 640 | B120: Adiantamento a Projeto (COB DOAÇÃO) | D120: 0 | E120: 0 | F120: 0 | G120: 0 | H120: 0 | I120: 0 | J120: 0 | K120: 0 | L120: 0 | M120: 0 | N120: 0 | O120: 0
A121: 637 | B121: Adiantamento a Projeto (SOI) | D121: 0 | E121: 0 | F121: 0 | G121: 0 | H121: 0 | I121: 0 | J121: 0 | K121: 0 | L121: 0 | M121: 0 | N121: 0 | O121: 0
... A131: 702 | B131: Seguro de Responsabilidade Civil | D131: 0 | E131: 0 | F131: 0 | G131: 0 | H131: 0 | I131: 0 | J131: 0 | K131: 0 | L131: 0 | M131: 2017.81 | N131: 2522.27 | O131: 3026.73
A132: 734 | B132: Seguro Contra Incêndio | D132: 0 | E132: 0 | F132: 0 | G132: 0 | H132: 0 | I132: 0 | J132: 0 | K132: 0 | L132: 0 | M132: 65.73 | N132: 78.87 | O132: 92.01
A133: 759 | B133: Seguro de Vida | D133: 0 | E133: 0 | F133: 0 | G133: 0 | H133: 0 | I133: 0 | J133: 0 | K133: 0 | L133: 0 | M133: 240.27 | N133: 235.42 | O133: 134.93
A134: 767 | B134: Assinaturas Diversas | D134: 0 | E134: 0 | F134: 0 | G134: 0 | H134: 0 | I134: 0 | J134: 0 | K134: 0 | L134: 0 | M134: 499.5 | N134: 582.75 | O134: 666
A135: 760 | B135: IPVA | D135: 0 | E135: 0 | F135: 0 | G135: 0 | H135: 0 | I135: 0 | J135: 0 | K135: 0 | L135: 0 | M135: 1042.04 | N135: 1157.82 | O135: 1273.6
B136: TOTAL CIRCULANTE | D136: =SUM(D5:D135) -> 0 | E136: =SUM(E5:E135) -> 0 | F136: =SUM(F5:F135) -> 0 | G136: =SUM(G5:G135) -> 0 | H136: =SUM(H5:H135) -> 0 | I136: =SUM(I5:I135) -> 0 | J136: =SUM(J5:J135) -> 0 | K136: =SUM(K5:K135) -> 0 | ... O136: =SUM(O5:O135) -> 8380180
B138: A T I V O NÃO CIRCULANTE
B139: IMPOSTOS E CONTRIBUIÇÕES A RECUPERAR | C139: Acumulado | D139: =D2 -> 46022 | E139: =E2 -> 45991 | F139: =F2 -> 45961 | G139: =G2 -> 45930 | H139: =H2 -> 45900 | I139: =I2 -> 45869 | J139: =J2 -> 45838 | K139: =K2 -> 45808 | ... O139: =O2 -> 45688
A140: 757 | B140: INSS a Recuperar | D140: 0 | E140: 0 | F140: 0 | G140: 0 | H140: 0 | I140: 0 | J140: 0 | K140: 0 | L140: 0 | M140: 8086.88 | N140: 8086.88 | O140: 8086.88
A141: 771 | B141: PIS a Recuperar | M141: 879.02 | N141: 879.02 | O141: 0
B142: TOTAL IMPOSTOS E CONTRIBUIÇÕES A RECUPERAR | D142: =SUM(D140) -> 0 | E142: =E140 -> 0 | F142: =SUM(F140) -> 0 | G142: =SUM(G140) -> 0 | H142: =SUM(H140) -> 0 | I142: =SUM(I140) -> 0 | J142: =J140 -> 0 | K142: =SUM(K140) -> 0 | L142: =SUM(L140) -> 0 | M142: =SUM(M140:M141) -> 8965.9 | N142: =SUM(N140:N141) -> 8965.9 | O142: =O140 -> 8086.88
B144: IMOBILIZADO | C144: Acumulado | D144: =D2 -> 46022 | E144: =E2 -> 45991 | F144: =F2 -> 45961 | G144: =G2 -> 45930 | H144: =H2 -> 45900 | I144: =I2 -> 45869 | J144: =J2 -> 45838 | K144: =K2 -> 45808 | ... O144: =O2 -> 45688
A145: 43 | B145: Máquinas e Equipamentos | D145: 0 | E145: 0 | F145: 0 | G145: 0 | H145: 0 | I145: 0 | J145: 0 | K145: 0 | L145: 0 | M145: 8649.57 | N145: 8649.57 | O145: 8649.57
A146: 44 | B146: Móveis e Utensílios | D146: 0 | E146: 0 | F146: 0 | G146: 0 | H146: 0 | I146: 0 | J146: 0 | K146: 0 | L146: 0 | M146: 13858.02 | N146: 13858.02 | O146: 13858.02
A147: 48 | B147: Equips.Software/Hardware | D147: 0 | E147: 0 | F147: 0 | G147: 0 | H147: 0 | I147: 0 | J147: 0 | K147: 0 | L147: 0 | M147: 34764.55 | N147: 34764.55 | O147: 34764.55
A148: 50 | B148: Equipamentos Esportivos SICONV | D148: 0 | E148: 0 | F148: 0 | G148: 0 | H148: 0 | I148: 0 | J148: 0 | K148: 0 | L148: 0 | M148: 195580 | N148: 195580 | O148: 195580
A149: 326 | B149: Equipamentos Esportivos LEI PIVA | D149: 0 | E149: 0 | F149: 0 | G149: 0 | H149: 0 | I149: 0 | J149: 0 | K149: 0 | L149: 0 | M149: 646784.51 | N149: 646784.51 | O149: 646784.51
A150: 394 | B150: Maquinas/Aparelhos Eletricos (Lei Piva) | D150: 0 | E150: 0 | F150: 0 | G150: 0 | H150: 0 | I150: 0 | J150: 0 | K150: 0 | L150: 0 | M150: 4382.06 | N150: 4382.06 | O150: 4382.06
A151: 398 | B151: Equipamentos Software/Hardware (Lei PIVA) | D151: 0 | E151: 0 | F151: 0 | G151: 0 | H151: 0 | I151: 0 | J151: 0 | K151: 0 | L151: 0 | M151: 95033.82 | N151: 88739.33 | O151: 88739.33
A152: 407 | B152: Equipamentos Esportivos FIS | D152: 0 | E152: 0 | F152: 0 | G152: 0 | H152: 0 | I152: 0 | J152: 0 | K152: 0 | L152: 0 | M152: 60565.49 | N152: 60565.49 | O152: 60565.49
...

Sheet Provisão Piva e CPB
B3: PROVISÃO PIVA | C3: 45658 | D3: 45689 | E3: 45717 | F3: 45748 | G3: 45778 | H3: 45809 | I3: 45839 | J3: 45870 | K3: 45901 | L3: 45931 | M3: 45962 | N3: 45992
B4: RECEITA COB | C4: 364128.22 | D4: 604150.33 | E4: 265944.93 | F4: 0 | G4: 0 | H4: 0 | I4: 0 | J4: 0 | K4: 0 | L4: 0 | M4: 0 | N4: 0 | P4: Receita | Q4: =SUM(C4:N4)+C8 -> 2511722.5 | R4: (Adt. total de Projeto COB)
B5: DESPESA COB | C5: =SUM(Balancete!O245:O255) -> 1220900.3 | D5: =SUM(Balancete!N245:N256) -> 645930.97 | E5: =SUM(Balancete!M245:M255) -> 456452.54 | F5: =SUM(Balancete!L245:L255) -> 0 | G5: =SUM(Balancete!K245:K255) -> 0 | H5: =SUM(Balancete!J245:J255) -> 0 | I5: =SUM(Balancete!I245:I255) -> 0 | J5: =SUM(Balancete!H242:H256) -> 0 | K5: =SUM(Balancete!G245:G255) -> 0 | L5: =SUM(Balancete!F245:F255) -> 0 | M5: =SUM(Balancete!E245:E255) -> 0 | N5: =SUM(Balancete!D245:D255) -> 0 | P5: Despesa | Q5: =SUM(C5:N6) -> 2329578.3 | R5: (Receita realizada)
B6: ATIVOS FIXOS ADQUIRIDOS | C6: 0 | D6: 0 | E6: 6294.49 | F6: 0 | G6: 0 | H6: 0 | I6: 0 | J6: 0 | K6: 0 | L6: 0 | M6: 0 | N6: 0 | P6: Saldo | Q6: =Q4-Q5 -> 182144.23 | R6: =IF(Q6>=0,"Valor lançado no Passivo - 359","Valor lançado no Ativo - 409") -> Valor lançado no Passivo - 359
B7: SALDO | C7: =C4-C5-C6 -> -856772.1 | D7: =D4-D5-D6 -> -41780.64 | E7: =E4-E5-E6 -> -196802.1 | F7: =F4-F5-F6 -> 0 | G7: =G4-G5-G6 -> 0 | H7: =H4-H5-H6 -> 0 | I7: =I4-I5-I6 -> 0 | J7: =J4-J5-J6 -> 0 | ... N7: =N4-N5-N6 -> 0
B8: (-) PROVISÃO DO MÊS ANTERIOR | C8: 1277499.1 | D8: =C9 -> 420726.97 | E8: =D9 -> 378946.33 | G8: =F9 -> 0 | H8: =G9 -> 0 | I8: =H9 -> 0 | J8: =I9 -> 0 | K8: =J9 -> 0 | L8: =K9 -> 0 | M8: =L9 -> 0 | N8: =M9 -> 0
B9: PROVISÃO ATUAL | C9: =C8+C7 -> 420726.97 | D9: =D8+D7 -> 378946.33 | E9: =E8+E7 -> 182144.23 | F9: =F8+F7 -> 0 | G9: =G7+G8 -> 0 | H9: =H7+H8 -> 0 | I9: =I8+I7 -> 0 | J9: =J8+J7 -> 0 | K9: =K8+K7 -> 0 | L9: =L8+L7 -> 0 | M9: =M8+M7 -> 0 | N9: =N8+N7 -> 0
B12: PROVISÃO CPB | C12: =C3 -> 45658 | D12: =D3 -> 45689 | E12: =E3 -> 45717 | F12: =F3 -> 45748 | G12: =G3 -> 45778 | H12: =H3 -> 45809 | I12: =I3 -> 45839 | J12: =J3 -> 45870 | ... N12: =N3 -> 45992
B13: RECEITA CPB | C13: 1021549.3 | D13: 431306.09 | E13: 98683.77 | F13: 0 | G13: 0 | H13: 0 | I13: 0 | J13: 0 | K13: 0 | L13: 0 | M13: 0 | N13: 0 | P13: Receita | Q13: =SUM(C13:N13)+C17 -> 1576847.6 | R13: (Adt. total de Projeto CPB)
B14: DESPESA CPB | C14: =SUM(Balancete!O257) -> 755350.04 | D14: =SUM(Balancete!N257) -> 503540.97 | E14: =SUM(Balancete!M257) -> 166704.35 | F14: =SUM(Balancete!L257) -> 0 | G14: =SUM(Balancete!K257) -> 0 | H14: =SUM(Balancete!J257) -> 0 | I14: =SUM(Balancete!I257) -> 0 | J14: =SUM(Balancete!H257) -> 0 | K14: =SUM(Balancete!G257) -> 0 | L14: =SUM(Balancete!F257) -> 0 | M14: =Balancete!E257 -> 0 | N14: =SUM(Balancete!D257) -> 0 | P14: Despesa | Q14: =SUM(C14:N15) -> 1425595.4 | R14: (Receita realizada)
B15: ATIVOS FIXOS ADQUIRIDOS | C15: 0 | D15: 0 | E15: 0 | F15: 0 | G15: 0 | H15: 0 | I15: 0 | K15: 0 | L15: 0 | M15: 0 | N15: 0 | P15: Saldo | Q15: =Q13-Q14 -> 151252.21 | R15: =IF(Q15>=0,"Valor lançado no Passivo - 522","Valor lançado no Ativo - 552") -> Valor lançado no Passivo - 522
B16: SALDO | C16: =C13-C14-C15 -> 266199.27 | D16: =D13-D14-D15 -> -72234.88 | E16: =E13-E14-E15 -> -68020.58 | F16: =F13-F14-F15 -> 0 | G16: =G13-G14-G15 -> 0 | H16: =H13-H14-H15 -> 0 | I16: =I13-I14-I15 -> 0 | J16: =J13-J14-J15 -> 0 | ... N16: =N13-N14-N15 -> 0
B17: (-) PROVISÃO DO MÊS ANTERIOR | C17: 25308.4 | D17: =C18 -> 291507.67 | E17: =D18 -> 219272.79 | G17: =F18 -> 0 | H17: =G18 -> 0 | I17: =H18 -> 0 | J17: =I18 -> 0 | K17: =J18 -> 0 | L17: =K18 -> 0 | M17: =L18 -> 0 | N17: =M18 -> 0
B18: PROVISÃO ATUAL | C18: =C16+C17 -> 291507.67 | D18: =D16+D17 -> 219272.79 | E18: =E16+E17 -> 151252.21 | F18: =F17+F16 -> 0 | G18: =G17+G16 -> 0 | H18: =H17+H16 -> 0 | I18: =I17+I16 -> 0 | J18: =J17+J16 -> 0 | K18: =K17+K16 -> 0 | L18: =L17+L16 -> 0 | M18: =M17+M16 -> 0 | N18: =N17+N16 -> 0
B21: PROVISÃO SICONV | C21: =C12 -> 45658 | D21: =D12 -> 45689 | E21: =E12 -> 45717 | F21: =F12 -> 45748 | G21: =G12 -> 45778 | H21: =H12 -> 45809 | I21: =I12 -> 45839 | J21: =J12 -> 45870 | ... N21: =N12 -> 45992
B22: RECEITA SICONV | C22: 0 | D22: 0 | E22: 0 | F22: 0 | G22: 0 | H22: 0 | I22: 0 | J22: 0 | K22: 0 | L22: 0 | M22: 0 | N22: 0
B23: DESPESA SICONV | C23: =Balancete!O243 -> 0 | D23: =Balancete!N243*0 -> 0 | E23: =Balancete!M243 -> 0 | F23: =Balancete!L243 -> 0 | G23: =Balancete!K243 -> 0 | H23: =Balancete!L243 -> 0 | I23: =Balancete!M243 -> 0 | J23: =Balancete!H289 -> 3 | K23: =Balancete!G289 -> 2 | L23: =Balancete!F243 -> 0 | M23: =Balancete!E243 -> 0 | N23: =Balancete!D243 -> 0
B24: ATIVOS FIXOS ADQUIRIDOS | C24: 0 | D24: 0 | E24: 0 | F24: 0 | G24: 0 | H24: 0 | I24: 0 | J24: 0 | K24: 0 | L24: 0 | M24: 0 | N24: 0
B25: SALDO | C25: =C23-C22 -> 0 | D25: =D23-D22 -> 0 | E25: =E23-E22+E24 -> 0 | F25: =F23-F22+F24 -> 0 | G25: =G23-G22+G24 -> 0 | H25: =H23-H22+H24 -> 0 | I25: =I23-I22+I24 -> 0 | J25: =J23-J22+J24 -> 3 | K25: =K23-K22+K24 -> 2 | L25: =L23-L22+L24 -> 0 | ... N25: =N23-N22+N24 -> 0
B26: (-) PROVISÃO DO MÊS ANTERIOR | C26: 0 | D26: 0 | E26: 0 | F26: =E27 -> 0 | G26: =F27 -> 0 | H26: =G27 -> 0 | I26: =H27 -> 0 | J26: =I27 -> 0 | K26: =J27 -> -3 | L26: =K27 -> -5 | M26: =L27 -> -5 | N26: =M27 -> -5
B27: PROVISÃO ATUAL | C27: =C26 -> 0 | D27: 0 | E27: =E26-E25 -> 0 | F27: =F26-F25 -> 0 | G27: =G26-G25 -> 0 | H27: =H26-H25 -> 0 | I27: =I26-I25 -> 0 | J27: =J26-J25 -> -3 | K27: =K26-K25 -> -5 | L27: =L26-L25 -> -5 | ... N27: =N26-N25 -> -5
B29: PROVISÃO SOI (BB 14936-5) | C29: =C21 -> 45658 | D29: =D21 -> 45689 | E29: =E21 -> 45717 | F29: =F21 -> 45748 | G29: =G21 -> 45778 | H29: =H21 -> 45809 | I29: =I21 -> 45839 | J29: =J21 -> 45870 | ... N29: =N21 -> 45992
B30: RECEITA SOI | C30: 0 | D30: 0 | E30: 0 | G30: 0 | H30: 0 | I30: 0 | J30: 0 | K30: 0 | L30: 0 | M30: 0 | N30: 0 | Q30: =SUM(C30:N30)+C34 -> 0 | R30: (Adt. total de Projeto SOI) | U30: =SUM(G30:R30)+G34 -> 0
B31: DESPESA SOI | C31: =Balancete!O241 -> 0 | D31: =Balancete!N241 -> 0 | E31: =Balancete!M241 -> 0 | F31: =SUM(Balancete!L241) -> 0 | G31: =SUM(Balancete!K241) -> 0 | H31: =Balancete!J241 -> 0 | I31: =Balancete!I241 -> 0 | J31: =SUM(Balancete!H241) -> 0 | K31: =SUM(Balancete!G241) -> 0 | L31: =SUM(Balancete!F241) -> 0 | M31: =Balancete!E241 -> 0 | N31: 0 | Q31: =SUM(C31:N32) -> 0 | R31: (Receita realizada) | U31: =SUM(G31:R32) -> 0
B32: ATIVOS FIXOS ADQUIRIDOS | C32: 0 | D32: 0 | E32: 0 | F32: 0 | G32: 0 | H32: 0 | I32: 0 | J32: 0 | K32: 0 | L32: 0 | M32: 0 | N32: 0 | Q32: =Q30-Q31 -> 0 | R32: =IF(Q32>=0,"Valor lançado no Passivo - 641","Valor lançado no Ativo - 637") -> Valor lançado no Passivo - 641 | U32: =U30-U31 -> 0
B33: SALDO | C33: =C30-C31-C32 -> 0 | D33: =D30-D31-D32 -> 0 | E33: =E30-E31-E32 -> 0 | F33: =F30-F31-F32 -> 0 | G33: =G30-G31-G32 -> 0 | H33: =H30-H31-H32 -> 0 | I33: =I30-I31-I32 -> 0 | J33: =J30-J31-J32 -> 0 | ... N33: =N30-N31-N32 -> 0
B34: (-) PROVISÃO DO MÊS ANTERIOR | D34: =C35 -> 0 | E34: =D35 -> 0 | F34: =E35 -> 0 | G34: =F35 -> 0 | H34: =G35 -> 0 | I34: =H35 -> 0 | J34: =I35 -> 0 | K34: =J35 -> 0 | ... M34: =L35 -> 0
B35: PROVISÃO ATUAL | C35: =C33+C34 -> 0 | D35: =D33+D34 -> 0 | E35: =E33+E34 -> 0 | F35: =F33+F34 -> 0 | G35: =G33+G34 -> 0 | H35: =H33+H34 -> 0 | I35: =I33+I34 -> 0 | J35: =J33+J34 -> 0 | ... N35: =N33+N34 -> 0
L36: 78600.18
B37: PROVISÃO AGITOS (BB 12733-7) | C37: =C29 -> 45658 | D37: =D29 -> 45689 | E37: =E29 -> 45717 | F37: =F29 -> 45748 | G37: =G29 -> 45778 | H37: =H29 -> 45809 | I37: =I29 -> 45839 | J37: =J29 -> 45870 | ... N37: =N29 -> 45992
B38: RECEITA AGITOS | C38: 0 | D38: 0 | E38: 0 | F38: 0 | G38: 0 | H38: 0 | I38: 0 | J38: 0 | K38: 0 | L38: 0 | M38: 0 | N38: 0 | Q38: =SUM(C38:N38)+C42 -> 0 | U38: =SUM(G38:R38)+G42 -> 0
B39: DESPESA AGITOS | C39: 0 | D39: 0 | E39: 0 | F39: 0 | G39: 0 | H39: 0 | I39: 0 | J39: 0 | K39: 0 | L39: 0 | M39: 0 | N39: 0 | Q39: =SUM(C39:N40) -> 0 | U39: =SUM(G39:R40) -> 0
B40: ATIVOS FIXOS ADQUIRIDOS | C40: 0 | D40: 0 | E40: 0 | F40: 0 | G40: 0 | H40: 0 | I40: 0 | J40: 0 | K40: 0 | L40: 0 | M40: 0 | N40: 0 | Q40: =Q38-Q39 -> 0 | U40: =U38-U39 -> 0
B41: SALDO | C41: =C38-C39-C40 -> 0 | D41: =D38-D39-D40 -> 0 | E41: =E38-E39-E40 -> 0 | F41: =F38-F39-F40 -> 0 | G41: =G38-G39-G40 -> 0 | H41: 0 | I41: 0 | J41: 0 | K41: 0 | L41: 0 | M41: 0 | N41: =N38-N39 -> 0
B42: (-) PROVISÃO DO MÊS ANTERIOR | C42: 0 | D42: =C43 -> 0 | E42: =D43 -> 0 | F42: =E43 -> 0 | G42: =F43 -> 0 | H42: =G43 -> 0 | I42: =H43 -> 0 | J42: =I43 -> 0 | K42: =J43 -> 0 | ... N42: =M43 -> 0
B43: PROVISÃO ATUAL | C43: =C42 -> 0 | D43: =D42+D41 -> 0 | E43: =E42-E41 -> 0 | F43: =F42+F41 -> 0 | G43: =G42-G41 -> 0 | H43: =H42-H41 -> 0 | I43: =I42-I41 -> 0 | J43: =J42-J41 -> 0 | K43: =K42-K41 -> 0 | L43: =L42-L41 -> 0 | M43: =M42-M41 -> 0 | N43: =N42+N41 -> 0
B44: (obs. 1-> a despesa esta contabilizada na conta 333 Operacional Paralimpica)
B46: PROVISÃO FOMENTO SÃO CARLOS (CEF 1443-7) | C46: =C37 -> 45658 | D46: =D37 -> 45689 | E46: =E37 -> 45717 | F46: =F37 -> 45748 | G46: =G37 -> 45778 | H46: =H37 -> 45809 | I46: =I37 -> 45839 | J46: =J37 -> 45870 | ... N46: =N37 -> 45992
B47: RECEITA FOMENTO | C47: =Balancete!O221 -> 0 | D47: 0 | E47: 0 | F47: 0 | G47: 0 | H47: 0 | I47: 0 | J47: 0 | K47: 0 | L47: 0 | M47: 0 | N47: 0 | Q47: =SUM(C47:N47)+C51 -> 0 | U47: =SUM(G47:R47)+G51 -> 0
B48: DESPESA FOMENTO | C48: =Balancete!O568 -> 0 | D48: 0 | E48: 0 | F48: 0 | G48: 0 | H48: 0 | I48: 0 | J48: 0 | K48: 0 | L48: 0 | M48: 0 | N48: 0 | Q48: =SUM(C48:N49) -> 0 | U48: =SUM(G48:R49) -> 0
B49: ATIVOS FIXOS ADQUIRIDOS | C49: 0 | D49: 0 | E49: 0 | F49: 0 | G49: 0 | H49: 0 | I49: 0 | J49: 0 | K49: 0 | L49: 0 | M49: 0 | N49: 0 | Q49: =Q47-Q48 -> 0 | R49: =IF(Q49>=0,"Valor lançado no Passivo - 643","Valor lançado na Despesa - 621") -> Valor lançado no Passivo - 643 | U49: =U47-U48 -> 0
B50: SALDO | C50: =C47-C48-C49 -> 0 | D50: =D47-D48-D49 -> 0 | E50: =E47-E48-E49 -> 0 | F50: =F47-F48-F49 -> 0 | G50: =G47-G48-G49 -> 0 | H50: =H47-H48-H49 -> 0 | I50: 0 | J50: 0 | K50: 0 | L50: 0 | M50: 0 | N50: 0
B51: (-) PROVISÃO DO MÊS ANTERIOR | C51: 0 | D51: =C52 -> 0 | E51: =D52 -> 0 | F51: =E52 -> 0 | G51: =F52 -> 0 | H51: 0 | I51: 0 | J51: 0 | K51: 0 | L51: 0 | M51: 0 | N51: 0
B52: PROVISÃO ATUAL | C52: =C51 -> 0 | D52: =D51-D50 -> 0 | E52: =E51-E50 -> 0 | F52: =F51-F50 -> 0 | G52: =G51+G50 -> 0 | H52: =H51-H50 -> 0 | I52: =I51-I50 -> 0 | J52: =J51-J50 -> 0 | K52: =K51-K50 -> 0 | L52: =L51-L50 -> 0 | M52: =M51-M50 -> 0 | N52: =N51-N50 -> 0
B53: (obs. 1-> a despesa esta contabilizada na conta 621 Operacional Fomento em São Carlos)
B55: PROVISÃO COB DOAÇÃO (CEF 863-1) | C55: =C46 -> 45658 | D55: =D46 -> 45689 | E55: =E46 -> 45717 | F55: =F46 -> 45748 | G55: =G46 -> 45778 | H55: =H46 -> 45809 | I55: =I46 -> 45839 | J55: =J46 -> 45870 | ... N55: =N46 -> 45992
B56: RECEITA COB DOAÇÃO | C56: 0 | D56: 0 | E56: 0 | F56: 0 | G56: 0 | H56: 0 | I56: 0 | J56: 0 | K56: 0 | L56: 0 | M56: 0 | N56: 0 | P56: Receita | Q56: =SUM((C56:D56),C60) -> 0 | R56: (Adt. total de Projeto COB doação )
B57: DESPESA COB DOAÇÃO | C57: =SUM(Balancete!O261) -> 0 | D57: =SUM(Balancete!N261) -> 0 | E57: 0 | F57: 0 | G57: 0 | H57: =SUM(Balancete!J261) -> 0 | I57: =SUM(Balancete!I261) -> 0 | J57: =SUM(Balancete!H261) -> 0 | K57: =SUM(Balancete!G261) -> 0 | L57: =SUM(Balancete!F261) -> 0 | M57: =SUM(Balancete!E261) -> 0 | N57: =SUM(Balancete!D261) -> 0 | P57: Despesa | Q57: =SUM(C57:D58) -> 0 | R57: (Receita realizada)
B58: ATIVOS FIXOS ADQUIRIDOS | C58: 0 | D58: 0 | E58: 0 | F58: 0 | G58: 0 | H58: 0 | I58: 0 | J58: 0 | K58: 0 | L58: 0 | M58: 0 | N58: 0 | P58: Saldo | Q58: =Q56-Q57 -> 0 | R58: =IF(Q58>=0,"Valor lançado no Passivo - 644","Valor lançado no Ativo - 0") -> Valor lançado no Passivo - 644
B59: SALDO | C59: =C56-C57 -> 0 | D59: =D56-D57-D58 -> 0 | E59: =E56-E57-E58 -> 0 | F59: =F56-F57-F58 -> 0 | G59: =G56-G57-G58 -> 0 | H59: =H56-H57-H58 -> 0 | I59: =I56-I57-I58 -> 0 | J59: =J56-J57-J58 -> 0 | K59: =K56-K57-K58 -> 0 | ... N59: =N56-N57-N58 -> 0
B60: (-) PROVISÃO DO MÊS ANTERIOR | C60: 0 | D60: =C61 -> 0 | E60: 0 | F60: 0 | G60: 0 | H60: 0 | I60: =H61 -> 0 | J60: =I61 -> 0 | K60: =J61 -> 0 | L60: =K61 -> 0 | M60: =L61 -> 0 | N60: =M61 -> 0
B61: PROVISÃO ATUAL | C61: =C60+C59 -> 0 | D61: =D59+D60 -> 0 | E61: =E59+E60 -> 0 | F61: =F60+F59 -> 0 | G61: =G60+G59 -> 0 | H61: =H60+H59 -> 0 | I61: =I60+I59 -> 0 | J61: =J60+J59 -> 0 | K61: =K60+K59 -> 0 | L61: =L60+L59 -> 0 | M61: =M60+M59 -> 0 | N61: =N60+N59 -> 0
B63: PROVISÃO LEI DE INCENTIVO BB | C63: =C55 -> 45658 | D63: =D55 -> 45689 | E63: =E55 -> 45717 | F63: =F55 -> 45748 | G63: =G55 -> 45778 | H63: =H55 -> 45809 | I63: =I55 -> 45839 | J63: =J55 -> 45870 | ... N63: =N55 -> 45992
B64: RECEITA LEI DE INCENTIVO | C64: 0 | D64: 0 | E64: 0 | F64: 0 | G64: 0 | H64: 0 | I64: 0 | J64: 0 | K64: 0 | L64: 0 | M64: 0 | N64: 0 | P64: Receita | Q64: =SUM(C64:N64)+C68 -> 5882.4 | R64: (Adt. total de Projeto LIE)
B65: DESPESA LIE | C65: 0 | D65: 0 | E65: 0 | F65: 0 | G65: 0 | H65: 0 | I65: 0 | J65: 0 | K65: 0 | L65: 0 | M65: 0 | N65: 0 | P65: Despesa | Q65: =SUM(C65:N66) -> 0 | R65: (Receita realizada)
B66: ATIVOS FIXOS ADQUIRIDOS | C66: 0 | D66: 0 | E66: 0 | F66: 0 | G66: 0 | H66: 0 | I66: 0 | J66: 0 | K66: 0 | L66: 0 | M66: 0 | N66: 0 | P66: Saldo | Q66: =Q64-Q65 -> 5882.4 | R66: =IF(Q66>=0,"Valor lançado no Passivo - 661","Valor lançado no Ativo - 383") -> Valor lançado no Passivo - 661
B67: SALDO | C67: =C64-C65-C66 -> 0 | D67: =D64-D65-D66 -> 0 | E67: =E64-E65-E66 -> 0 | F67: =F64-F65-F66 -> 0 | G67: =G64-G65-G66 -> 0 | H67: =H64-H65-H66 -> 0 | I67: 0 | J67: =J64-J65-J66 -> 0 | K67: =K65-K64 -> 0 | L67: =L65-L64 -> 0 | M67: =M65-M64 -> 0 | N67: =N65+N64 -> 0
B68: (-) PROVISÃO DO MÊS ANTERIOR | C68: 5882.4 | D68: 5882.4 | E68: 5882.4 | F68: 0 | G68: 0 | H68: 0 | I68: 0 | J68: 0 | K68: 0 | L68: 0 | M68: 0 | N68: 0
B69: PROVISÃO ATUAL | C69: =C68 -> 5882.4 | D69: =D68-D67 -> 5882.4 | E69: =E68-E67 -> 5882.4 | F69: =F68-F67 -> 0 | G69: =G68+G67 -> 0 | H69: =H68-H67 -> 0 | I69: =I68-I67 -> 0 | J69: =J68-J67 -> 0 | K69: =K68-K67 -> 0 | L69: =L68-L67 -> 0 | M69: =M68-M67 -> 0 | N69: =N68+N67 -> 0
B71: PROVISÃO MÊS NOV/2023 | C71: COB - COMITE OLIMPICO BRASILEIRO | G71: CPB - COMITE PARALIMPICO BRASILEIRO | K71: COB LEI DE INCENTIVO
D72: 1939043.7 | E72: 1757300.6 | H72: 260042.8 | I72: 520138.82 | L72: 83372.3 | M72: 83372.3
C73: D | D73: 359 | E73: 176 | G73: D | H73: 522 | I73: 490 | K73: D | L73: 661 | M73: 660
C74: C | D74: 176 | E74: 359 | G74: C | H74: 490 | I74: 522 | K74: C | L74: 660 | M74: 661
C76: SOI - SOLIDARIEDADE OLIMPICA | G76: COB DOAÇÃO
D77: 3415.49 | E77: -276.51 | H77: 82660.97 | I77: 54882.53
C78: D | D78: 641 | E78: 145 | G78: D | H78: 644 | I78: 630
C79: C | D79: 175 | E79: 202 | G79: C | H79: 630 | I79: 644
B82: PROVISÃO MÊS ANTERIOR DEZ/2024 | C82: COB - COMITE OLIMPICO BRASILEIRO | G82: CPB - COMITE PARALIMPICO BRASILEIRO | K82: COB LEI DE INCENTIVO
D83: 2075716.6 | E83: 1277499.1 | H83: 772994.17 | I83: 25308.4 | L83: 5882.4 | M83: 5882.4
C84: D | D84: 359 | E84: 176 | G84: D | H84: 522 | I84: 490 | K84: D | L84: 661 | M84: 660
C85: C | D85: 176 | E85: 359 | G85: C | H85: 490 | I85: 522 | K85: C | L85: 660 | M85: 661
C88: COB DOAÇÃO
D89: 40748.73 | E89: 0
C90: D | D90: 644 | E90: 630
C91: C | D91: 630 | E91: 644
B93: PROVISÃO MÊS NOV/2023 | C93: COB - COMITE OLIMPICO BRASILEIRO | G93: CPB - COMITE PARALIMPICO BRASILEIRO | K93: COB LEI DE INCENTIVO
D94: 1939043.7 | E94: 1757300.6 | H94: 260042.8 | I94: 520138.82 | L94: 83372.3 | M94: 83372.3
C95: D | D95: 359 | E95: 176 | G95: D | H95: 522 | I95: 490 | K95: D | L95: 661 | M95: 660
C96: C | D96: 176 | E96: 359 | G96: C | H96: 490 | I96: 522 | K96: C | L96: 660 | M96: 661
C98: SOI - SOLIDARIEDADE OLIMPICA | G98: COB DOAÇÃO
D99: 3415.49 | E99: -276.51 | H99: 82660.97 | I99: 54882.53
C100: D | D100: 641 | E100: 145 | G100: D | H100: 644 | I100: 630
C101: C | D101: 175 | E101: 202 | G101: C | H101: 630 | I101: 644
B104: PROVISÃO MÊS JAN/2025 | C104: COB - COMITE OLIMPICO BRASILEIRO | G104: CPB - COMITE PARALIMPICO BRASILEIRO | K104: COB LEI DE INCENTIVO
D105: =E83 -> 1277499.1 | E105: 420726.97 | H105: =I83 -> 25308.4 | I105: 291507.67 | L105: =M83 -> 5882.4 | M105: 5882.4
C106: D | D106: 359 | E106: 176 | G106: D | H106: 522 | I106: 490 | K106: D | L106: 661 | M106: 660
C107: C | D107: 176 | E107: 359 | G107: C | H107: 490 | I107: 522 | K107: C | L107: 660 | M107: 661
B109: PROVISÃO MÊS NOV/2023 | C109: COB - COMITE OLIMPICO BRASILEIRO | G109: CPB - COMITE PARALIMPICO BRASILEIRO | K109: COB LEI DE INCENTIVO
D110: 1939043.7 | E110: 1757300.6 | H110: 260042.8 | I110: 520138.82 | L110: 83372.3 | M110: 83372.3
C111: D | D111: 359 | E111: 176 | G111: D | H111: 522 | I111: 490 | K111: D | L111: 661 | M111: 660
C112: C | D112: 176 | E112: 359 | G112: C | H112: 490 | I112: 522 | K112: C | L112: 660 | M112: 661
C114: SOI - SOLIDARIEDADE OLIMPICA | G114: COB DOAÇÃO
D115: 3415.49 | E115: -276.51 | H115: 82660.97 | I115: 54882.53
C116: D | D116: 641 | E116: 145 | G116: D | H116: 644 | I116: 630
C117: C | D117: 175 | E117: 202 | G117: C | H117: 630 | I117: 644
B120: PROVISÃO MÊS FEV/2025 | C120: COB - COMITE OLIMPICO BRASILEIRO | G120: CPB - COMITE PARALIMPICO BRASILEIRO | K120: COB LEI DE INCENTIVO
D121: =E105 -> 420726.97 | E121: 378946.33 | H121: =I105 -> 291507.67 | I121: 219272.79 | L121: =M105 -> 5882.4 | M121: 5882.4
C122: D | D122: 359 | E122: 176 | G122: D | H122: 522 | I122: 490 | K122: D | L122: 661 | M122: 660
C123: C | D123: 176 | E123: 359 | G123: C | H123: 490 | I123: 522 | K123: C | L123: 660 | M123: 661
B125: PROVISÃO MÊS NOV/2023 | C125: COB - COMITE OLIMPICO BRASILEIRO | G125: CPB - COMITE PARALIMPICO BRASILEIRO | K125: COB LEI DE INCENTIVO
...

Sheet Balanco
B3: CBDN - CONFEDERAÇÃO BRASILEIRA DE DESPORTOS NA NEVE
B5: CNPJ 67.148.288/0001-17
B7: Balanço Patrimonial para o período encerrado em 31-03-2025
M9: Em Reais
S10: -24864 | T10: 247210
S11: 80368 | T11: 109687
B12: A T I V O | H12: PASSIVO E PATRIMÔNIO SOCIAL | S12: -82116 | T12: -144467
S13: 70752 | T13: -6983
B14: CIRCULANTE | H14: =B14 -> CIRCULANTE | S14: -109 | T14: 54715
B15: Caixa e Equivalente de Caixa | F15: =F24-F18-F16-F22-F19-F20-F21-F23-F17 -> 3966782.5 | H15: Fornecedores a Pagar | M15: =SUM(Balancete!M168) -> 0 | S15: 325135 | T15: -257670
B16: Creditos F.I.S | F16: =Balancete!M110 -> 3645828.8 | H16: Contas a Pagar | M16: =Balancete!M178 -> 89010.45 | P16: =P17-O17 -> -76595.92 | Q16: =Q17-P17 -> 254397.53 | S16: -37637 | T16: 24447
B17: Adiantamento a Pessoal | F17: =Balancete!M111 -> 400 | H17: Obrigações Trabalhistas | M17: =M24-M20-M16-M19-M18-M21-M22-M23-M15 -> 264002.68 | O17: ='[1]Balancete agosto 2017'!$D$70 -> -177801.61 | P17: ='[2]Balancete 2018 '!$H$70 -> -254397.53 | Q17: =Balancete!D157 -> 0 | S17: =SUM(S10:S16) -> 331529 | T17: =SUM(T10:T16) -> 26939
B18: Adiantamento a Atletas/Treinadores | F18: =Balancete!M117+Balancete!M116+Balancete!M114+Balancete!M115+Balancete!M113+Balancete!M112 -> 3135.65 | H18: Adiantamentos de Projetos* (Lei de incentivo) | M18: =Balancete!M192 -> 5882.4
B19: Adiantamento a Projeto (Lei Piva - CPB) | F19: =SUM(Balancete!M119) -> 0 | H19: Adiantamentos de Projetos* (L. Piva - COB) | M19: =Balancete!M186 -> 182144.23
B20: Adiantamento a Projeto (SOI) | F20: =Balancete!M121 -> 0 | H20: Adiantamentos de Projetos* (L. Piva - CPB) | M20: =Balancete!M187 -> 151252.21
B21: Importações em Andamento | F21: =Balancete!M124+Balancete!M125+Balancete!M126 -> 29633.9 | H21: Adiantamentos de Projetos* (SOI) | M21: =Balancete!M189 -> 0 | O21: ='[1]Balancete agosto 2017'!$C$311 -> 61060.59 | P21: ='[2]Balancete 2018 '!$C$320 -> 76595.92 | Q21: =Balancete!C516 -> 61694.46
B22: PIS a Recuperar | F22: =Balancete!M129 -> 0 | H22: Adiantamentos de Projetos* (Fomento São Carlos) | M22: =Balancete!M191 -> 0
B23: Despesas Antecipadas a Apropriar | F23: =Balancete!M130+Balancete!M131+Balancete!M132+Balancete!M133+Balancete!M135+Balancete!M134 -> 4820.98 | H23: Adiantamentos de Projetos* (COB Doação) | M23: =Balancete!M188 -> 0
C24: Total do Ativo Circulante | F24: =Balancete!M136 -> 7650601.9 | I24: Total do Passivo Circulante | M24: =Balancete!M194 -> 692291.97 | Q24: =Q17-P17 -> 254397.53
F25: =Balancete!M136-F24 -> 0 | M25: =Balancete!M194-Balanco!M24 -> 0
B27: NÃO CIRCULANTE | H27: PATRIMÔNIO SOCIAL
B28: INSS a Recuperar | F28: =SUM(Balancete!M140) -> 8086.88 | H28: Patrimonio Incorporado | M28: =Balancete!M198 -> 5961423.3
B29: PIS a Recuperar | F29: =SUM(Balancete!M141) -> 879.02 | H29: Resultado do Exercicio | M29: =Balancete!M199 -> -699488.15 | P29: =[2]Balanco!$F$27 -> 352314.36 | Q29: =[1]Balanco!$F$27 -> 343653.83
B30: Imobilizado | F30: =Balancete!M158 -> 1232517.8 | H30: Superávit de exercícios anteriores | M30: =SUM(Balancete!M197) -> 2937858.5 | P30: =F31-P29 -> 889169.37 | Q30: =P29-Q29 -> 8660.53
C31: Total do Ativo Não Circulante | F31: =F30+F28+F29 -> 1241483.7 | I31: Total do Patrimônio Social | M31: =M29+M28+M30 -> 8199793.6 | Q31: =F24-[2]Balanco!$F$20 -> 5421925.5
M32: =Balancete!M200-Balanco!M31 -> 0 | Q32: -100213
Q33: -161562
B34: TOTAL DO ATIVO | F34: =F31+F24 -> 8892085.6 | H34: TOTAL DO PASSIVO | M34: =M31+M24 -> 8892085.6 | Q34: =Q33-Q32 -> -61349 | S34: =[2]Balanco!$M$30 -> 2580990.8 | U34: =-M34+F34 -> 0
F35: =F34-Balancete!M162 -> 0 | M35: =M34-Balancete!M202 -> 0 | O35: =SUM(Balancete!D145:D154) -> 0 | P35: =SUM('[2]Balancete 2018 '!$H$60:$H$69) -> 606711.89 | S35: =S34-M34 -> -6311094.8
C36: * De acordo com a Interpretacao Tecnica ITG 2002, que estabelece procedimentos contabeis e de divulgacao para Entidades sem Fins Lucrativos, as receitas de projetos a serem executados em periodos futuros, devem ser escrituradas em contas especificas no Passivo (ou no Ativo, no caso de ocorrer o contrário). | P36: =O35-P35 -> -606711.89
P42: 26939
P43: -161562
M44: 45291 | U44: 45657
H45: Adiantamentos de Projetos* (Lei de incentivo) | M45: =[3]Balanco!M18 -> 83372.3 | U45: =[4]Balanco!M$18 -> 5882.4 | V45: =U45/M45-1 -> -0.92944419
H46: Adiantamentos de Projetos* (L. Piva - COB) | M46: =[3]Balanco!M19 -> 1392898.4 | U46: =[4]Balanco!$M$19 -> 1277499.1 | V46: =U46/M46-1 -> -0.082848373
H47: Adiantamentos de Projetos* (L. Piva - CPB) | M47: =[3]Balanco!M20 -> 1004694.9 | U47: =[4]Balanco!$M$20 -> 25308.4 | V47: =U47/M47-1 -> -0.97480986
H48: Adiantamentos de Projetos* (SOI) | M48: =[3]Balanco!M21 -> 0 | U48: =[4]Balanco!$M$21 -> 0 | V48: 0
H49: Adiantamentos de Projetos* (Fomento São Carlos) | M49: =[3]Balanco!M22 -> 0 | U49: =[4]Balanco!$M$22 -> 0 | V49: 0
H50: Adiantamentos de Projetos* (COB Doação) | M50: =[3]Balanco!M23 -> 32527.73 | U50: =[4]Balanco!$M$23 -> 0 | V50: =U50/M50-1 -> -1
H51: TOTAL PROJETOS | M51: =SUM(M45:M50) -> 2513493.3 | U51: =SUM(U45:U50) -> 1308689.9 | V51: =U51/M51-1 -> -0.47933426

Sheet DLP
B3: CBDN - CONFEDERAÇÃO BRASILEIRA DE DESPORTOS NA NEVE
F5: CNPJ 67.148.288/0001-17
C7: Demonstração do Déficit para o período encerrado em 31-03-2025
G9: Em Reais
C12: RECEITAS OPERACIONAIS
C13: Receita Lei Piva Comite Olimpico do Brasil | G13: =Balancete!C208 -> 2329578.3
C14: Receita Lei Piva Comite Paralimpico Brasileiro | G14: =Balancete!C209 -> 1425595.4
C15: Receita Solidariedade Olimpica | G15: =Balancete!C207 -> 0
C16: Receita Financeira Siconv IV | G16: =Balancete!C234 -> 0
C17: Receita Siconv IV | G17: =Balancete!C220 -> 0
C18: Subvenção IBU | G18: =Balancete!C213 -> 362280.79
C19: Subvenção FIS | G19: =Balancete!C211 -> 5749.87
C20: Receita Programa COB Doação | G20: =Balancete!C215 -> 0
C21: Receita da Lei de Incentivo (LIE) | G21: =SUM(Balancete!C222) -> 0
C22: Receitas Financeiras Comite Olimpico do Brasil | G22: =Balancete!C232 -> 15230.37
C23: Receitas Financeiras Comite Paralimpico Brasileiro | G23: =Balancete!C233 -> 15512.86
C24: Receitas Financeiras | G24: =Balancete!C230+Balancete!C231 -> 62810.76
C25: Receita com Participações em Provas | G25: =SUM(Balancete!C217) -> 0
C26: Receitas Trabalho Voluntário | G26: =Balancete!C210 -> 44287.45
C27: Receitas De Anuidades de Filiação | G27: =Balancete!C225 -> 0
C28: Receita com Patrocínio | G28: =Balancete!C224 -> 800.02
C29: Receita Subvenção Agitos | G29: =Balancete!C214 -> 0
C30: Receita com Inscrições | G30: =Balancete!C216 -> 2160
C31: Receita Expo Brasil Paralímpico | G31: =SUM(Balancete!E228) -> 0
C32: Outras Receitas | G32: =Balancete!C223+Balancete!C212+Balancete!C227+Balancete!C229 -> 0
G33: =SUM(G13:G32) -> 4264005.8 | H33: =G33-Balancete!C235 -> 0
C35: DESPESAS OPERACIONAIS
C36: Desp c/ convenio ME N° 870519/2017 | G36: =Balancete!C243 -> 0 | H36: Ativo
C37: Programa Lei Piva Comite Olimpico do Brasil | G37: =Balancete!C247+Balancete!C249+Balancete!C251+Balancete!C253+Balancete!C255+Balancete!C245 -> 2323283.8 | H37: =G13-G37 -> 6294.49 | I37: =H37-SUM('Provisão Piva e CPB'!C6:N6) -> 2.237357e-10
C38: Programa Lei Piva Comite Paralimpico Brasileiro | G38: =Balancete!C257 -> 1425595.4 | H38: =G14-G38 -> 0 | I38: =H38-SUM('Provisão Piva e CPB'!C15:N15) -> 0 | J38: =SUM(I37:I39) -> 2.237357e-10
C39: Despesas Convenio ME | G39: 0
C40: Programa Solidariedade Olimpica | G40: =Balancete!C241 -> 0 | H40: =G40-G15 -> 0
C41: Despesas Trabalho Voluntário | G41: =SUM(Balancete!C479) -> 44287.45
C42: Programa COB Doação | G42: =Balancete!C261 -> 0 | H42: =G42-G20 -> 0
C43: Administrativas | G43: =Balancete!C263 -> 105638
C44: Gerais | G44: =(Balancete!C265) -> 592192.14
C45: Comunicação | G45: =Balancete!C267 -> 15000
C46: Tributárias | G46: =Balancete!C269 -> 13760.97
C47: Financeiras e Variação Cambial | G47: =Balancete!C271 -> 443736.2
C48: Outras Despesas | G48: =Balancete!C273 -> 0 | H48: =G49-Balancete!C275 -> 0
G49: =SUM(G36:G48) -> 4963494
C51: =IF(G51>=0,"SUPERÁVIT DO PERÍODO","DÉFICIT DO PERÍODO") -> DÉFICIT DO PERÍODO | G51: =G33-G49 -> -699488.15 | H51: =G51-Balancete!C278 -> -9.3132257e-10

Sheet DRE
B1: CBDN - CONFEDERAÇÃO BRASILEIRA DE DESPORTOS NA NEVE
B2: CNPJ 67.148.288/0001-17
B4: Demonstração do Resultado do Exercício para o período encerrado em 31-03-2025
O6: Em Reais
B8: RECEITAS | C8: 2025 | D8: 46022 | E8: 45991 | F8: 45961 | G8: 45930 | H8: 45900 | I8: 45869 | J8: 45838 | K8: 45808 | L8: 45777 | M8: 45747 | N8: 45716 | O8: 45688
B9: R - Lei Piva Comitê Olímpico do Brasil | C9: =SUM(D9:O9) -> 2329578.3 | D9: =Balancete!D208 -> 0 | E9: =Balancete!E208 -> 0 | F9: =Balancete!F208 -> 0 | G9: =Balancete!G208 -> 0 | H9: =Balancete!H208 -> 0 | I9: =Balancete!I208 -> 0 | J9: =Balancete!J208 -> 0 | K9: =Balancete!K208 -> 0 | ... O9: =Balancete!O208 -> 1220900.3
B10: R - Lei Piva Comitê Paralímpico Brasileiro | C10: =SUM(D10:O10) -> 1425595.4 | D10: =Balancete!D209 -> 0 | E10: =Balancete!E209 -> 0 | F10: =Balancete!F209 -> 0 | G10: =Balancete!G209 -> 0 | H10: =Balancete!H209 -> 0 | I10: =Balancete!I209 -> 0 | J10: =Balancete!J209 -> 0 | K10: =Balancete!K209 -> 0 | ... O10: =Balancete!O209 -> 755350.04
B11: R - Convenio/Termo de fomento | C11: =SUM(D11:O11) -> 0 | D11: 0 | E11: 0 | F11: 0 | G11: 0 | H11: 0 | I11: 0 | J11: 0 | K11: 0 | L11: 0 | M11: 0 | N11: 0 | O11: 0
B12: R - Lei de Incentivo Paulista | C12: =SUM(D12:O12) -> 0 | D12: 0 | E12: 0 | F12: 0 | G12: 0 | H12: 0 | I12: 0 | J12: 0 | K12: 0 | L12: 0 | M12: 0 | N12: 0 | O12: 0
B13: R - Lei de Incentivo Federal | C13: =SUM(D13:O13) -> 0 | D13: =Balancete!D222 -> 0 | E13: =Balancete!E222 -> 0 | F13: =Balancete!F222 -> 0 | G13: =Balancete!G222 -> 0 | H13: =Balancete!H222 -> 0 | I13: =Balancete!I222 -> 0 | J13: =Balancete!J222 -> 0 | K13: =Balancete!K222 -> 0 | ... O13: =Balancete!O222 -> 0
B14: R - Snow Club | C14: =SUM(D14:O14) -> 0 | D14: 0 | E14: 0 | F14: 0 | G14: 0 | H14: 0 | I14: 0 | J14: 0 | K14: 0 | L14: 0 | M14: 0 | N14: 0 | O14: 0
B15: R - Inscrições | C15: =SUM(D15:O15) -> 2160 | D15: =Balancete!D216+Balancete!D217 -> 0 | E15: =Balancete!E216+Balancete!E217 -> 0 | F15: =Balancete!F216+Balancete!F217 -> 0 | G15: =Balancete!G216+Balancete!G217 -> 0 | H15: =Balancete!H216+Balancete!H217 -> 0 | I15: =Balancete!I216+Balancete!I217 -> 0 | J15: =Balancete!J216+Balancete!J217 -> 0 | K15: =Balancete!K216+Balancete!K217 -> 0 | ... O15: =Balancete!O216+Balancete!O217 -> 1210
B16: R - Patrocínios | C16: =SUM(D16:O16) -> 800.02 | D16: =Balancete!D224 -> 0 | E16: =Balancete!E224 -> 0 | F16: =Balancete!F224 -> 0 | G16: =Balancete!G224 -> 0 | H16: =Balancete!H224 -> 0 | I16: =Balancete!I224 -> 0 | J16: =Balancete!J224 -> 0 | K16: =Balancete!K224 -> 0 | ... O16: =Balancete!O224 -> 277.09
B17: R - Proj. Pesquisa e Informação | C17: =SUM(D17:O17) -> 0 | D17: 0 | E17: 0 | F17: 0 | G17: 0 | H17: 0 | I17: 0 | J17: 0 | K17: 0 | L17: 0 | M17: 0 | N17: 0 | O17: 0
B18: R - Doações | C18: =SUM(D18:O18) -> 0 | D18: =Balancete!D212+Balancete!D215+Balancete!D228 -> 0 | E18: =Balancete!E212+Balancete!E215+Balancete!E228 -> 0 | F18: =Balancete!F212+Balancete!F215+Balancete!F228 -> 0 | G18: =Balancete!G212+Balancete!G215+Balancete!G228 -> 0 | H18: =Balancete!H212+Balancete!H215+Balancete!H228 -> 0 | I18: =Balancete!I212+Balancete!I215+Balancete!I228 -> 0 | J18: =Balancete!J212+Balancete!J215+Balancete!J228 -> 0 | K18: =Balancete!K212+Balancete!K215+Balancete!K228 -> 0 | ... O18: =Balancete!O212+Balancete!O215+Balancete!O228 -> 0
B19: R - Direitos de televisionamento | C19: =SUM(D19:O19) -> 0 | D19: 0 | E19: 0 | F19: 0 | G19: 0 | H19: 0 | I19: 0 | J19: 0 | K19: 0 | L19: 0 | M19: 0 | N19: 0 | O19: 0
B20: R - Outras Receitas | C20: =SUM(D20:O20) -> 0 | D20: =SUM(Balancete!D223) -> 0 | E20: =SUM(Balancete!E223) -> 0 | F20: =SUM(Balancete!F223) -> 0 | G20: =SUM(Balancete!G223) -> 0 | H20: =SUM(Balancete!H223) -> 0 | I20: =SUM(Balancete!I223) -> 0 | J20: =SUM(Balancete!J223) -> 0 | K20: =SUM(Balancete!K223) -> 0 | ... O20: =SUM(Balancete!O223) -> 0
B21: R - FIS | C21: =SUM(D21:O21) -> 5749.87 | D21: =Balancete!D211 -> 0 | E21: =Balancete!E211 -> 0 | F21: =Balancete!F211 -> 0 | G21: =Balancete!G211 -> 0 | H21: =Balancete!H211 -> 0 | I21: =Balancete!I211 -> 0 | J21: =Balancete!J211 -> 0 | K21: =Balancete!K211 -> 0 | ... O21: =Balancete!O211 -> 5749.87
B22: R - IBU | C22: =SUM(D22:O22) -> 362280.79 | D22: =Balancete!D213 -> 0 | E22: =Balancete!E213 -> 0 | F22: =Balancete!F213 -> 0 | G22: =Balancete!G213 -> 0 | H22: =Balancete!H213 -> 0 | I22: =Balancete!I213 -> 0 | J22: =Balancete!J213 -> 0 | K22: =Balancete!K213 -> 0 | ... O22: =Balancete!O213 -> 128816.34
B23: R - AGITOS | C23: =SUM(D23:O23) -> 0 | D23: =Balancete!D214 -> 0 | E23: =Balancete!E214 -> 0 | F23: =Balancete!F214 -> 0 | G23: =Balancete!G214 -> 0 | H23: =Balancete!H214 -> 0 | I23: =Balancete!I214 -> 0 | J23: =Balancete!J214 -> 0 | K23: =Balancete!K214 -> 0 | ... O23: =Balancete!O214 -> 0
B24: R - SOI | C24: =SUM(D24:O24) -> 0 | D24: =Balancete!D207 -> 0 | E24: =Balancete!E207 -> 0 | F24: =Balancete!F207 -> 0 | G24: =Balancete!G207 -> 0 | H24: =Balancete!H207 -> 0 | I24: =Balancete!I207 -> 0 | J24: =Balancete!J207 -> 0 | K24: =Balancete!K207 -> 0 | ... O24: =Balancete!O207 -> 0
B25: R - SOI (deferred revenue) | C25: =SUM(D25:O25) -> 0 | D25: 0 | E25: 0 | F25: 0 | G25: 0 | H25: 0 | I25: 0 | J25: 0 | K25: 0 | L25: 0 | M25: 0 | N25: 0 | O25: 0
B26: R - AGITOS (deferred revenue) | C26: =SUM(D26:O26) -> 0 | D26: 0 | E26: 0 | F26: 0 | G26: 0 | H26: 0 | I26: 0 | J26: 0 | K26: 0 | L26: 0 | M26: 0 | N26: 0 | O26: 0
B27: TOTAL RECEITAS OPERACIONAIS | C27: =SUM(C9:C26) -> 4126164.4 | D27: =SUM(D9:D26) -> 0 | E27: =SUM(E9:E26) -> 0 | F27: =SUM(F9:F26) -> 0 | G27: =SUM(G9:G26) -> 0 | H27: =SUM(H9:H26) -> 0 | I27: =SUM(I9:I26) -> 0 | J27: =SUM(J9:J26) -> 0 | ... O27: =SUM(O9:O26) -> 2112303.7
B29: CD - Lei Piva Comitê Olímpico do Brasil | C29: =SUM(D29:O29) -> -1770238.1 | D29: =-SUM(Balancete!D293:D295,Balancete!D298,Balancete!D328,Balancete!D365:D366,Balancete!D369:D373,Balancete!D389:D390,Balancete!D397,Balancete!D400:D401) -> 0 | E29: =-SUM(Balancete!E293:E295,Balancete!E298,Balancete!E328,Balancete!E365:E366,Balancete!E369:E373,Balancete!E389:E390,Balancete!E397,Balancete!E400:E401) -> 0 | F29: =-SUM(Balancete!F293:F295,Balancete!F298,Balancete!F328,Balancete!F365:F366,Balancete!F369:F373,Balancete!F389:F390,Balancete!F397,Balancete!F400:F401) -> 0 | G29: =-SUM(Balancete!G293:G295,Balancete!G298,Balancete!G328,Balancete!G365:G366,Balancete!G369:G373,Balancete!G389:G390,Balancete!G397,Balancete!G400:G401) -> 0 | H29: =-SUM(Balancete!H293:H295,Balancete!H298,Balancete!H328,Balancete!H365:H366,Balancete!H369:H373,Balancete!H389:H390,Balancete!H397,Balancete!H400:H401) -> 0 | I29: =-SUM(Balancete!I293:I295,Balancete!I298,Balancete!I328,Balancete!I365:I366,Balancete!I369:I373,Balancete!I389:I390,Balancete!I397,Balancete!I400:I401) -> 0 | J29: =-SUM(Balancete!J293:J295,Balancete!J298,Balancete!J328,Balancete!J365:J366,Balancete!J369:J373,Balancete!J389:J390,Balancete!J397,Balancete!J400:J401) -> 0 | K29: =-SUM(Balancete!K293:K295,Balancete!K298,Balancete!K328,Balancete!K365:K366,Balancete!K369:K373,Balancete!K389:K390,Balancete!K397,Balancete!K400:K401) -> 0 | L29: =-SUM(Balancete!L293:L295,Balancete!L298,Balancete!L328,Balancete!L365:L366,Balancete!L369:L373,Balancete!L389:L390,Balancete!L397,Balancete!L400:L401) -> 0 | M29: =-SUM(Balancete!M293:M296,Balancete!M298,Balancete!M328,Balancete!M365:M366,Balancete!M369:M373,Balancete!M389:M390,Balancete!M397,Balancete!M400:M401) -> -265269.72 | N29: =-SUM(Balancete!N293:N295,Balancete!N298,Balancete!N328,Balancete!N365:N366,Balancete!N369:N373,Balancete!N389:N390,Balancete!N397,Balancete!N400:N401) -> -472818.18 | O29: =-SUM(Balancete!O293:O296,Balancete!O298,Balancete!O328,Balancete!O365:O366,Balancete!O369:O373,Balancete!O389:O390,Balancete!O397,Balancete!O400:O401) -> -1032150.2
B30: CD - Lei Piva Comitê Paralímpico Brasileiro | C30: =SUM(D30:O30) -> -1189391.9 | D30: =-SUM(Balancete!D404:D406,Balancete!D409:D410,Balancete!D413:D414,Balancete!D433:D435,Balancete!D439:D441,Balancete!D444,Balancete!D447,Balancete!D450:D454,Balancete!D462,Balancete!D464:D465,Balancete!D468) -> 0 | E30: =-SUM(Balancete!E404:E406,Balancete!E409:E410,Balancete!E413:E414,Balancete!E433:E435,Balancete!E439:E441,Balancete!E444,Balancete!E447,Balancete!E450:E454,Balancete!E462,Balancete!E464:E465,Balancete!E468) -> 0 | F30: =-SUM(Balancete!F404:F406,Balancete!F409:F410,Balancete!F413:F414,Balancete!F433:F435,Balancete!F439:F441,Balancete!F444,Balancete!F447,Balancete!F450:F454,Balancete!F462,Balancete!F464:F465,Balancete!F468) -> 0 | G30: =-SUM(Balancete!G404:G406,Balancete!G409:G410,Balancete!G413:G414,Balancete!G433:G435,Balancete!G439:G441,Balancete!G444,Balancete!G447,Balancete!G450:G454,Balancete!G462,Balancete!G464:G465,Balancete!G468) -> 0 | H30: =-SUM(Balancete!H404:H406,Balancete!H409:H410,Balancete!H413:H414,Balancete!H433:H435,Balancete!H439:H441,Balancete!H444,Balancete!H447,Balancete!H450:H454,Balancete!H462,Balancete!H464:H465,Balancete!H468) -> 0 | I30: =-SUM(Balancete!I404:I406,Balancete!I409:I410,Balancete!I413:I414,Balancete!I433:I435,Balancete!I439:I441,Balancete!I444,Balancete!I447,Balancete!I450:I454,Balancete!I462,Balancete!I464:I465,Balancete!I468) -> 0 | J30: =-SUM(Balancete!J404:J406,Balancete!J409:J410,Balancete!J413:J414,Balancete!J433:J435,Balancete!J439:J441,Balancete!J444,Balancete!J447,Balancete!J450:J454,Balancete!J462,Balancete!J464:J465,Balancete!J468) -> 0 | K30: =-SUM(Balancete!K404:K406,Balancete!K409:K410,Balancete!K413:K414,Balancete!K433:K435,Balancete!K439:K441,Balancete!K444,Balancete!K447,Balancete!K450:K454,Balancete!K462,Balancete!K464:K465,Balancete!K468) -> 0 | ... O30: =-SUM(Balancete!O404:O406,Balancete!O409:O410,Balancete!O413:O414,Balancete!O433:O435,Balancete!O439:O441,Balancete!O444,Balancete!O447,Balancete!O450:O454,Balancete!O462,Balancete!O464:O465,Balancete!O468) -> -683056.34
B31: CD - Convênio 760724/2011 | C31: =SUM(D31:O31) -> 0 | D31: 0 | E31: 0 | F31: 0 | G31: 0 | H31: 0 | I31: 0 | J31: 0 | K31: 0 | L31: 0 | M31: 0 | N31: 0 | O31: 0
B32: CD - Convênio 776457/2012 | C32: =SUM(D32:O32) -> 0 | D32: 0 | E32: 0 | F32: 0 | G32: 0 | H32: 0 | I32: 0 | J32: 0 | K32: 0 | L32: 0 | M32: 0 | N32: 0 | O32: 0
B33: CD - Convênio 812775/2014 | C33: =SUM(D33:O33) -> 0 | D33: 0 | E33: 0 | F33: 0 | G33: 0 | H33: 0 | I33: 0 | J33: 0 | K33: 0 | L33: 0 | M33: 0 | N33: 0 | O33: 0
B34: CD - Convênios/Termo de Fomento | C34: =SUM(D34:O34) -> 0 | D34: 0 | E34: 0 | F34: 0 | G34: 0 | H34: 0 | I34: 0 | J34: 0 | K34: 0 | L34: 0 | M34: 0 | N34: 0 | O34: 0
B35: CD - Lei de Incentivo Paulista | C35: =SUM(D35:O35) -> 0 | D35: 0 | E35: 0 | F35: 0 | G35: 0 | H35: 0 | I35: 0 | J35: 0 | K35: 0 | L35: 0 | M35: 0 | N35: 0 | O35: 0
B36: CD - Lei de Incentivo Federal | C36: =SUM(D36:O36) -> 0 | D36: 0 | E36: 0 | F36: 0 | G36: 0 | H36: 0 | I36: 0 | J36: 0 | K36: 0 | L36: 0 | M36: 0 | N36: 0 | O36: 0
B37: CD - IBU Development | C37: =SUM(D37:O37) -> 0 | D37: 0 | E37: 0 | F37: 0 | G37: 0 | H37: 0 | I37: 0 | J37: 0 | K37: 0 | L37: 0 | M37: 0 | N37: 0 | O37: 0
B38: CD - Snow Club | C38: =SUM(D38:O38) -> 0 | D38: 0 | E38: 0 | F38: 0 | G38: 0 | H38: 0 | I38: 0 | J38: 0 | K38: 0 | L38: 0 | M38: 0 | N38: 0 | O38: 0
B39: CD - Agencia Atletas | C39: =SUM(D39:O39) -> -15000 | D39: =-SUM(Balancete!D494,Balancete!D582) -> 0 | E39: =-SUM(Balancete!E494,Balancete!E582) -> 0 | F39: =-SUM(Balancete!F494,Balancete!F582) -> 0 | G39: =-SUM(Balancete!G494,Balancete!G582) -> 0 | H39: =-SUM(Balancete!H494,Balancete!H582) -> 0 | I39: =-SUM(Balancete!I494,Balancete!I582) -> 0 | J39: =-SUM(Balancete!J494,Balancete!J582) -> 0 | K39: =-SUM(Balancete!K494,Balancete!K582) -> 0 | ... O39: =-SUM(Balancete!O494,Balancete!O582) -> -10000
B40: CD - Proj. Pesquisa & Informação | C40: =SUM(D40:O40) -> 0 | D40: 0 | E40: 0 | F40: 0 | G40: 0 | H40: 0 | I40: 0 | J40: 0 | K40: 0 | L40: 0 | M40: 0 | N40: 0 | O40: 0
B41: CD - Direitos de Televisionamento | C41: =SUM(D41:O41) -> 0 | D41: 0 | E41: 0 | F41: 0 | G41: 0 | H41: 0 | I41: 0 | J41: 0 | K41: 0 | L41: 0 | M41: 0 | N41: 0 | O41: 0
B42: CD - Paralímpico | C42: =SUM(D42:O42) -> -44475.33 | D42: =-Balancete!D562 -> 0 | E42: =-Balancete!E562 -> 0 | F42: =-Balancete!F562 -> 0 | G42: =-Balancete!G562 -> 0 | H42: =-Balancete!H562 -> 0 | I42: =-Balancete!I562 -> 0 | J42: =-Balancete!J562 -> 0 | K42: =-Balancete!K562 -> 0 | ... O42: =-Balancete!O562 -> -6076.28
B43: CD - Técnico Esportivo | C43: =SUM(D43:O43) -> -520795.12 | D43: =-SUM(Balancete!D571:D573,Balancete!D561,Balancete!D543:D559,Balancete!D539:D541,Balancete!D489:D493,Balancete!D487,Balancete!D523) -> 0 | E43: =-SUM(Balancete!E571:E573,Balancete!E561,Balancete!E543:E559,Balancete!E539:E541,Balancete!E489:E493,Balancete!E487,Balancete!E523) -> 0 | F43: =-SUM(Balancete!F571:F573,Balancete!F561,Balancete!F543:F559,Balancete!F539:F541,Balancete!F489:F493,Balancete!F487,Balancete!F523) -> 0 | G43: =-SUM(Balancete!G571:G573,Balancete!G561,Balancete!G543:G559,Balancete!G539:G541,Balancete!G489:G493,Balancete!G487,Balancete!G523) -> 0 | H43: =-SUM(Balancete!H571:H573,Balancete!H561,Balancete!H543:H559,Balancete!H539:H541,Balancete!H489:H493,Balancete!H487,Balancete!H523) -> 0 | I43: =-SUM(Balancete!I571:I573,Balancete!I561,Balancete!I543:I559,Balancete!I539:I541,Balancete!I489:I493,Balancete!I487,Balancete!I523) -> 0 | J43: =-SUM(Balancete!J571:J573,Balancete!J561,Balancete!J543:J559,Balancete!J539:J541,Balancete!J489:J493,Balancete!J487,Balancete!J523) -> 0 | K43: =-SUM(Balancete!K571:K573,Balancete!K561,Balancete!K543:K559,Balancete!K539:K541,Balancete!K489:K493,Balancete!K487,Balancete!K523) -> 0 | ... O43: =-SUM(Balancete!O571:O573,Balancete!O561,Balancete!O543:O559,Balancete!O539:O541,Balancete!O489:O493,Balancete!O487,Balancete!O523) -> -17439.64
B44: CD - AGITOS | C44: =SUM(D44:O44) -> 0 | D44: =0 -> 0 | E44: =0 -> 0 | F44: =0 -> 0 | G44: =0 -> 0 | H44: =0 -> 0 | I44: =0 -> 0 | J44: =0 -> 0 | K44: =0 -> 0 | ... O44: =0 -> 0
B45: CD - SOI | C45: =SUM(D45:O45) -> 0 | D45: =-Balancete!D241 -> 0 | E45: =-Balancete!E241 -> 0 | F45: =-Balancete!F241 -> 0 | G45: =-Balancete!G241 -> 0 | H45: =-Balancete!H241 -> 0 | I45: =-Balancete!I241 -> 0 | J45: =-Balancete!J241 -> 0 | K45: =-Balancete!K241 -> 0 | ... O45: =-Balancete!O241 -> 0
B46: Sub-total Custos Diretos | C46: =SUM(C28:C45) -> -3539900.5 | D46: =SUM(D28:D45) -> 0 | E46: =SUM(E28:E45) -> 0 | F46: =SUM(F28:F45) -> 0 | G46: =SUM(G28:G45) -> 0 | H46: =SUM(H28:H45) -> 0 | I46: =SUM(I28:I45) -> 0 | J46: =SUM(J28:J45) -> 0 | ... O46: =SUM(O28:O45) -> -1748722.5
B47: CI - Equipamentos Esportivos | C47: =SUM(D47:O47) -> -26921.69 | D47: =-Balancete!D542 -> 0 | E47: =-Balancete!E542 -> 0 | F47: =-Balancete!F542 -> 0 | G47: =-Balancete!G542 -> 0 | H47: =-Balancete!H542 -> 0 | I47: =-Balancete!I542 -> 0 | J47: =-Balancete!J542 -> 0 | K47: =-Balancete!K542 -> 0 | ... O47: =-Balancete!O542 -> -7452.31
B48: CI - Outros Custos | C48: =SUM(D48:O48) -> 0 | D48: 0 | E48: 0 | F48: 0 | G48: 0 | H48: 0 | I48: 0 | J48: 0 | K48: 0 | L48: 0 | M48: 0 | N48: 0 | O48: 0
B49: CI - Pessoal | C49: =SUM(D49:O49) -> -454258.77 | D49: =-SUM(Balancete!D374:D388,Balancete!D417:D431) -> 0 | E49: =-SUM(Balancete!E374:E388,Balancete!E417:E431) -> 0 | F49: =-SUM(Balancete!F374:F388,Balancete!F417:F431) -> 0 | G49: =-SUM(Balancete!G374:G388,Balancete!G417:G431) -> 0 | H49: =-SUM(Balancete!H374:H388,Balancete!H417:H431) -> 0 | I49: =-SUM(Balancete!I374:I388,Balancete!I417:I431) -> 0 | J49: =-SUM(Balancete!J374:J388,Balancete!J417:J431) -> 0 | K49: =-SUM(Balancete!K374:K388,Balancete!K417:K431) -> 0 | ... O49: =-SUM(Balancete!O374:O388,Balancete!O417:O431) -> -159235.14
B50: Sub-total Custos Indiretos | C50: =SUM(C47:C49) -> -481180.46 | D50: =SUM(D47:D49) -> 0 | E50: =SUM(E47:E49) -> 0 | F50: =SUM(F47:F49) -> 0 | G50: =SUM(G47:G49) -> 0 | H50: =SUM(H47:H49) -> 0 | I50: =SUM(I47:I49) -> 0 | J50: =SUM(J47:J49) -> 0 | ... O50: =SUM(O47:O49) -> -166687.45
B51: CUSTOS TOTAL | C51: =C50+C46 -> -4021080.9 | D51: =D50+D46 -> 0 | E51: =E50+E46 -> 0 | F51: =F50+F46 -> 0 | G51: =G50+G46 -> 0 | H51: =H50+H46 -> 0 | I51: =I50+I46 -> 0 | J51: =J50+J46 -> 0 | ... O51: =O50+O46 -> -1915409.9
B52: SGA - Despesas Administrativas | C52: =SUM(D52:O52) -> -98831.81 | D52: =-SUM(Balancete!D316:D318,Balancete!D320,Balancete!D333,Balancete!D335:D337,Balancete!D339,Balancete!D342:D350,Balancete!D352:D356,Balancete!D358,Balancete!D362:D363,Balancete!D499:D501,Balancete!D503:D514,Balancete!D517:D522,Balancete!D528:D533) -> 0 | E52: =-SUM(Balancete!E316:E318,Balancete!E320,Balancete!E333,Balancete!E335:E337,Balancete!E339,Balancete!E342:E350,Balancete!E352:E356,Balancete!E358,Balancete!E362:E363,Balancete!E499:E501,Balancete!E503:E514,Balancete!E517:E522,Balancete!E528:E533) -> 0 | F52: =-SUM(Balancete!F316:F318,Balancete!F320,Balancete!F333,Balancete!F335:F337,Balancete!F339,Balancete!F342:F350,Balancete!F352:F356,Balancete!F358,Balancete!F362:F363,Balancete!F499:F501,Balancete!F503:F514,Balancete!F517:F522,Balancete!F528:F533) -> 0 | G52: =-SUM(Balancete!G316:G318,Balancete!G320,Balancete!G333,Balancete!G335:G337,Balancete!G339,Balancete!G342:G350,Balancete!G352:G356,Balancete!G358,Balancete!G362:G363,Balancete!G499:G501,Balancete!G503:G514,Balancete!G517:G522,Balancete!G528:G533) -> 0 | H52: =-SUM(Balancete!H316:H318,Balancete!H320,Balancete!H333,Balancete!H335:H337,Balancete!H339,Balancete!H342:H350,Balancete!H352:H356,Balancete!H358,Balancete!H362:H363,Balancete!H499:H501,Balancete!H503:H514,Balancete!H517:H522,Balancete!H528:H533) -> 0 | I52: =-SUM(Balancete!I316:I318,Balancete!I320,Balancete!I333,Balancete!I335:I337,Balancete!I339,Balancete!I342:I350,Balancete!I352:I356,Balancete!I358,Balancete!I362:I363,Balancete!I499:I501,Balancete!I503:I514,Balancete!I517:I522,Balancete!I528:I533) -> 0 | J52: =-SUM(Balancete!J316:J318,Balancete!J320,Balancete!J333,Balancete!J335:J337,Balancete!J339,Balancete!J342:J350,Balancete!J352:J356,Balancete!J358,Balancete!J362:J363,Balancete!J499:J501,Balancete!J503:J514,Balancete!J517:J522,Balancete!J528:J533) -> 0 | K52: =-SUM(Balancete!K316:K318,Balancete!K320,Balancete!K333,Balancete!K335:K337,Balancete!K339,Balancete!K342:K350,Balancete!K352:K356,Balancete!K358,Balancete!K362:K363,Balancete!K499:K501,Balancete!K503:K514,Balancete!K517:K522,Balancete!K528:K533) -> 0 | ... O52: =-SUM(Balancete!O316:O318,Balancete!O320,Balancete!O333,Balancete!O335:O337,Balancete!O339,Balancete!O342:O350,Balancete!O352:O356,Balancete!O358,Balancete!O362:O363,Balancete!O499:O501,Balancete!O503:O514,Balancete!O517:O522,Balancete!O528:O533) -> -17093.25
B53: SGA - Comunicação & Marketing | C53: =SUM(D53:O53) -> -94328.06 | D53: =-SUM(Balancete!D297,Balancete!D357,Balancete!D359:D361,Balancete!D460:D461,Balancete!D488,Balancete!D560,Balancete!D578:D581) -> 0 | E53: =-SUM(Balancete!E297,Balancete!E357,Balancete!E359:E361,Balancete!E460:E461,Balancete!E488,Balancete!E560,Balancete!E578:E581) -> 0 | F53: =-SUM(Balancete!F297,Balancete!F357,Balancete!F359:F361,Balancete!F460:F461,Balancete!F488,Balancete!F560,Balancete!F578:F581) -> 0 | G53: =-SUM(Balancete!G297,Balancete!G357,Balancete!G359:G361,Balancete!G460:G461,Balancete!G488,Balancete!G560,Balancete!G578:G581) -> 0 | H53: =-SUM(Balancete!H297,Balancete!H357,Balancete!H359:H361,Balancete!H460:H461,Balancete!H488,Balancete!H560,Balancete!H578:H581) -> 0 | I53: =-SUM(Balancete!I297,Balancete!I357,Balancete!I359:I361,Balancete!I460:I461,Balancete!I488,Balancete!I560,Balancete!I578:I581) -> 0 | J53: =-SUM(Balancete!J297,Balancete!J357,Balancete!J359:J361,Balancete!J460:J461,Balancete!J488,Balancete!J560,Balancete!J578:J581) -> 0 | K53: =-SUM(Balancete!K297,Balancete!K357,Balancete!K359:K361,Balancete!K460:K461,Balancete!K488,Balancete!K560,Balancete!K578:K581) -> 0 | ... O53: =-SUM(Balancete!O297,Balancete!O357,Balancete!O359:O361,Balancete!O460:O461,Balancete!O488,Balancete!O560,Balancete!O578:O581) -> -27627.25
B54: SGA - Pessoal Administrativo | C54: =SUM(D54:O54) -> -185774.09 | D54: =-SUM(Balancete!D319,Balancete!D321:D327,Balancete!D329:D332,Balancete!D334,Balancete!D338,Balancete!D340:D341,Balancete!D351,Balancete!D502,Balancete!D524,Balancete!D535) -> 0 | E54: =-SUM(Balancete!E319,Balancete!E321:E327,Balancete!E329:E332,Balancete!E334,Balancete!E338,Balancete!E340:E341,Balancete!E351,Balancete!E502,Balancete!E524,Balancete!E535) -> 0 | F54: =-SUM(Balancete!F319,Balancete!F321:F327,Balancete!F329:F332,Balancete!F334,Balancete!F338,Balancete!F340:F341,Balancete!F351,Balancete!F502,Balancete!F524,Balancete!F535) -> 0 | G54: =-SUM(Balancete!G319,Balancete!G321:G327,Balancete!G329:G332,Balancete!G334,Balancete!G338,Balancete!G340:G341,Balancete!G351,Balancete!G502,Balancete!G524,Balancete!G535) -> 0 | H54: =-SUM(Balancete!H319,Balancete!H321:H327,Balancete!H329:H332,Balancete!H334,Balancete!H338,Balancete!H340:H341,Balancete!H351,Balancete!H502,Balancete!H524,Balancete!H535) -> 0 | I54: =-SUM(Balancete!I319,Balancete!I321:I327,Balancete!I329:I332,Balancete!I334,Balancete!I338,Balancete!I340:I341,Balancete!I351,Balancete!I502,Balancete!I524,Balancete!I535) -> 0 | J54: =-SUM(Balancete!J319,Balancete!J321:J327,Balancete!J329:J332,Balancete!J334,Balancete!J338,Balancete!J340:J341,Balancete!J351,Balancete!J502,Balancete!J524,Balancete!J535) -> 0 | K54: =-SUM(Balancete!K319,Balancete!K321:K327,Balancete!K329:K332,Balancete!K334,Balancete!K338,Balancete!K340:K341,Balancete!K351,Balancete!K502,Balancete!K524,Balancete!K535) -> 0 | ... M54: =-SUM(Balancete!M319,Balancete!M321:M327,Balancete!M329:M332,Balancete!M334,Balancete!M338,Balancete!M340:M341,Balancete!M351,Balancete!M502,Balancete!M524,Balancete!M535) -> -72272.9 | N54: =-SUM(Balancete!N319,Balancete!N321:N327,Balancete!N329:N332,Balancete!N334,Balancete!N338,Balancete!N340:N341,Balancete!N351,Balancete!N502,Balancete!N524,Balancete!N535,Balancete!N498) -> -52631.57 | O54: =-SUM(Balancete!O319,Balancete!O321:O327,Balancete!O329:O332,Balancete!O334,Balancete!O338,Balancete!O340:O341,Balancete!O351,Balancete!O502,Balancete!O524,Balancete!O535) -> -60869.62
B55: DESPESA TOTAL | C55: =SUM(C52:C54) -> -378933.96 | D55: =SUM(D52:D54) -> 0 | E55: =SUM(E52:E54) -> 0 | F55: =SUM(F52:F54) -> 0 | G55: =SUM(G52:G54) -> 0 | H55: =SUM(H52:H54) -> 0 | I55: =SUM(I52:I54) -> 0 | J55: =SUM(J52:J54) -> 0 | ... O55: =SUM(O52:O54) -> -105590.12
B56: CUSTOS E DESPESAS OPERACIONAIS | C56: =C55+C51 -> -4400014.9 | D56: =D55+D51 -> 0 | E56: =E55+E51 -> 0 | F56: =F55+F51 -> 0 | G56: =G55+G51 -> 0 | H56: =H55+H51 -> 0 | I56: =I55+I51 -> 0 | J56: =J55+J51 -> 0 | ... O56: =O55+O51 -> -2021000
B58: RESULTADO OPERACIONAL | C58: =C27+C56 -> -273850.51 | D58: =D27+D56 -> 0 | E58: =E27+E56 -> 0 | F58: =F27+F56 -> 0 | G58: =G27+G56 -> 0 | H58: =H27+H56 -> 0 | I58: =I27+I56 -> 0 | J58: =J27+J56 -> 0 | ... O58: =O27+O56 -> 91303.61
B60: RV - Trabalho Voluntario | C60: =SUM(D60:O60) -> 44287.45 | D60: =Balancete!D210 -> 0 | E60: =Balancete!E210 -> 0 | F60: =Balancete!F210 -> 0 | G60: =Balancete!G210 -> 0 | H60: =Balancete!H210 -> 0 | I60: =Balancete!I210 -> 0 | J60: =Balancete!J210 -> 0 | K60: =Balancete!K210 -> 0 | ... O60: =Balancete!O210 -> 12322.39
B61: RV - Trabalho Voluntario | C61: =SUM(D61:O61) -> -44287.45 | D61: =-Balancete!D259 -> 0 | E61: =-Balancete!E259 -> 0 | F61: =-Balancete!F259 -> 0 | G61: =-Balancete!G259 -> 0 | H61: =-Balancete!H259 -> 0 | I61: =-Balancete!I259 -> 0 | J61: =-Balancete!J259 -> 0 | K61: =-Balancete!K259 -> 0 | ... O61: =-Balancete!O259 -> -12322.39
B62: RESULTADO Após trabalho voluntario | C62: =SUM(C58:C61) -> -273850.51 | D62: =SUM(D58:D61) -> 0 | E62: =SUM(E58:E61) -> 0 | F62: =SUM(F58:F61) -> 0 | G62: =SUM(G58:G61) -> 0 | H62: =SUM(H58:H61) -> 0 | I62: =SUM(I58:I61) -> 0 | J62: =SUM(J58:J61) -> 0 | ... O62: =SUM(O58:O61) -> 91303.61
B63: RF - Financeira de terceiros | C63: =SUM(D63:O63) -> 30743.23 | D63: =Balancete!D232+Balancete!D233 -> 0 | E63: =Balancete!E232+Balancete!E233 -> 0 | F63: =Balancete!F232+Balancete!F233 -> 0 | G63: =Balancete!G232+Balancete!G233 -> 0 | H63: =Balancete!H232+Balancete!H233 -> 0 | I63: =Balancete!I232+Balancete!I233 -> 0 | J63: =Balancete!J232+Balancete!J233 -> 0 | K63: =Balancete!K232+Balancete!K233 -> 0 | ... O63: =Balancete!O232+Balancete!O233 -> 12206.02
B64: RF - Financeira próprias | C64: =SUM(D64:O64) -> 18278.28 | D64: =Balancete!D230+Balancete!D229 -> 0 | E64: =Balancete!E230+Balancete!E229 -> 0 | F64: =Balancete!F230+Balancete!F229 -> 0 | G64: =Balancete!G230+Balancete!G229 -> 0 | H64: =Balancete!H230+Balancete!H229 -> 0 | I64: =Balancete!I230+Balancete!I229 -> 0 | J64: =Balancete!J230+Balancete!J229 -> 0 | K64: =Balancete!K230+Balancete!K229 -> 0 | ... O64: =Balancete!O230+Balancete!O229 -> 6112.83
B65: RF - Variação Cambial | C65: =SUM(D65:O65) -> 44532.48 | D65: =Balancete!D231 -> 0 | E65: =Balancete!E231 -> 0 | F65: =Balancete!F231 -> 0 | G65: =Balancete!G231 -> 0 | H65: =Balancete!H231 -> 0 | I65: =Balancete!I231 -> 0 | J65: =Balancete!J231 -> 0 | K65: =Balancete!K231 -> 0 | ... O65: =Balancete!O231 -> 0
B66: DF - Financeiras | C66: =SUM(D66:O66) -> -9097.62 | D66: =-(Balancete!D591+Balancete!D592+Balancete!D595) -> 0 | E66: =-(Balancete!E591+Balancete!E592+Balancete!E595) -> 0 | F66: =-(Balancete!F591+Balancete!F592+Balancete!F595) -> 0 | G66: =-(Balancete!G591+Balancete!G592+Balancete!G595) -> 0 | H66: =-(Balancete!H591+Balancete!H592+Balancete!H595) -> 0 | I66: =-(Balancete!I591+Balancete!I592+Balancete!I595) -> 0 | J66: =-(Balancete!J591+Balancete!J592+Balancete!J595) -> 0 | K66: =-(Balancete!K591+Balancete!K592+Balancete!K595) -> 0 | ... O66: =-(Balancete!O591+Balancete!O592+Balancete!O595) -> -3087.97
B67: DF - Variação Cambial | C67: =SUM(D67:O67) -> -434638.58 | D67: =-(Balancete!D593+Balancete!D594) -> 0 | E67: =-(Balancete!E593+Balancete!E594) -> 0 | F67: =-(Balancete!F593+Balancete!F594) -> 0 | G67: =-(Balancete!G593+Balancete!G594) -> 0 | H67: =-(Balancete!H593+Balancete!H594) -> 0 | I67: =-(Balancete!I593+Balancete!I594) -> 0 | J67: =-(Balancete!J593+Balancete!J594) -> 0 | K67: =-(Balancete!K593+Balancete!K594) -> 0 | ... O67: =-(Balancete!O593+Balancete!O594) -> -392685.29
B68: RESULTADO FINANCEIRO LÍQUIDO | C68: =SUM(C62:C67) -> -624032.72 | D68: =SUM(D62:D67) -> 0 | E68: =SUM(E62:E67) -> 0 | F68: =SUM(F62:F67) -> 0 | G68: =SUM(G62:G67) -> 0 | H68: =SUM(H62:H67) -> 0 | I68: =SUM(I62:I67) -> 0 | J68: =SUM(J62:J67) -> 0 | ... O68: =SUM(O62:O67) -> -286150.8
B69: RF - Extraordinárias | C69: =SUM(D69:O69) -> 0 | D69: 0 | E69: 0 | F69: 0 | G69: 0 | H69: 0 | I69: 0 | J69: 0 | K69: 0 | L69: 0 | M69: 0 | N69: 0 | O69: 0
B70: RESULTADO Antes de impostos, depreciação e amortização | C70: =SUM(C68:C69) -> -624032.72 | D70: =SUM(D68:D69) -> 0 | E70: =SUM(E68:E69) -> 0 | F70: =SUM(F68:F69) -> 0 | G70: =SUM(G68:G69) -> 0 | H70: =SUM(H68:H69) -> 0 | I70: =SUM(I68:I69) -> 0 | J70: =SUM(J68:J69) -> 0 | ... O70: =SUM(O68:O69) -> -286150.8
B71: DT - Tributárias | C71: =SUM(D71:O71) -> -13760.97 | D71: =-Balancete!D584 -> 0 | E71: =-Balancete!E584 -> 0 | F71: =-Balancete!F584 -> 0 | G71: =-Balancete!G584 -> 0 | H71: =-Balancete!H584 -> 0 | I71: =-Balancete!I584 -> 0 | J71: =-Balancete!J584 -> 0 | K71: =-Balancete!K584 -> 0 | ... O71: =-Balancete!O584 -> -741.5
B72: RESULTADO Após despesas tributárias | C72: =SUM(C70:C71) -> -637793.69 | D72: =SUM(D70:D71) -> 0 | E72: =SUM(E70:E71) -> 0 | F72: =SUM(F70:F71) -> 0 | G72: =SUM(G70:G71) -> 0 | H72: =SUM(H70:H71) -> 0 | I72: =SUM(I70:I71) -> 0 | J72: =SUM(J70:J71) -> 0 | ... O72: =SUM(O70:O71) -> -286892.3
B73: RI - Imobilizados | C73: =SUM(D73:O73) -> 0 | D73: 0 | E73: 0 | F73: 0 | G73: 0 | H73: 0 | I73: 0 | J73: 0 | K73: 0 | L73: 0 | M73: 0 | N73: 0 | O73: 0
B74: DI - Imobilizados | C74: =SUM(D74:O74) -> 0 | D74: =-Balancete!D597 -> 0 | E74: =-Balancete!E597 -> 0 | F74: =-Balancete!F597 -> 0 | G74: =-Balancete!G597 -> 0 | H74: =-Balancete!H597 -> 0 | I74: =-Balancete!I597 -> 0 | J74: =-Balancete!J597 -> 0 | K74: =-Balancete!K597 -> 0 | ... O74: =-Balancete!O597 -> 0
B75: DI - Investimentos | C75: =SUM(D75:O75) -> 0 | D75: 0 | E75: 0 | F75: 0 | G75: 0 | H75: 0 | I75: 0 | J75: 0 | K75: 0 | L75: 0 | M75: 0 | N75: 0 | O75: 0
B76: DA - Depreciação & Amortização | C76: =SUM(D76:O76) -> -61694.46 | D76: =-Balancete!D516 -> 0 | E76: =-Balancete!E516 -> 0 | F76: =-Balancete!F516 -> 0 | G76: =-Balancete!G516 -> 0 | H76: =-Balancete!H516 -> 0 | I76: =-Balancete!I516 -> 0 | J76: =-Balancete!J516 -> 0 | K76: =-Balancete!K516 -> 0 | ... O76: =-Balancete!O516 -> -21311.28
B77: RESULTADO DO EXERCÍCIO | C77: =SUM(C72:C76) -> -699488.15 | D77: =SUM(D72:D76) -> 0 | E77: =SUM(E72:E76) -> 0 | F77: =SUM(F72:F76) -> 0 | G77: =SUM(G72:G76) -> 0 | H77: =SUM(H72:H76) -> 0 | I77: =SUM(I72:I76) -> 0 | J77: =SUM(J72:J76) -> 0 | ... O77: =SUM(O72:O76) -> -308203.58
B78: Check | C78: =C77-Balancete!C278 -> 0 | D78: =D77-Balancete!D278 -> 0 | E78: =E77-Balancete!E278 -> 0 | F78: =F77-Balancete!F278 -> 0 | G78: =G77-Balancete!G278 -> 0 | H78: =H77-Balancete!H278 -> 0 | I78: =I77-Balancete!I278 -> 0 | J78: =J77-Balancete!J278 -> 0 | ... O78: =O77-Balancete!O278 -> 0
